 Dungeon Crawl Stone Soup version 0.31-a0-774-g0d66cbabe8 (webtiles) character file.

Game seed: 4198012120693362020

510761 demibob the Conqueror (level 25, -9/257 HPs)
             Began as a Merfolk Chaos Knight on Sept 15, 2023.
             Was a Favourite Plaything of Xom.
             Mangled by a bone dragon (11 damage)
             ... on level 3 of the Depths on Sept 17, 2023.
             The game lasted 02:15:15 (51611 turns).

demibob the Conqueror (Merfolk Chaos Knight)       Turns: 51611, Time: 02:15:16

Health: -9/257     AC: 36    Str: 13    XL:     25   Next: 9%
Magic:  32/32      EV: 28    Int: 16    God:    Xom [....*.]
Gold:   6389       SH:  0    Dex: 25    Spells: 24/24 levels left

rFire   + . .        a - +9 bardiche (protect)
rCold   + + +        (shield currently unavailable)
rNeg    + . .        C - +5 ice dragon scales
rPois   +            p - +1 hat
rElec   .            b - +0 cloak
rCorr   .            A - +0 pair of gloves
SInv    +            W - +2 pair of boots
Will    ++++.        n - necklace of Bloodlust {Fury *Rage Will++ Int-3 Slay+6}
Stlth   +++          N - ring of Qojy Goa {+Blink rF++ rN+ MP+9 Str-2}
HPRegen 0.62/turn    F - ring "Quruotips" {rC+ SInv}
MPRegen 0.23/turn

%: clarity
@: liquefying, on berserk cooldown, slowed, slowed movement, very slow
A: (nimble swimmer 2), mertail, horns 1, iridescent scales 3, thin skeletal
structure 1, camouflage 1, agile 1, clarity, clever 2, strong-willed 1, mutation
resistance 1, sense surroundings 2, poison resistance, robust 1, strong 1, wild
magic 1, sturdy frame 1
}: 3/15 runes: decaying, silver, gossamer
a: Renounce Religion, Evoke Blink


You were on level 3 of the Depths.
You worshipped Xom.
You were a beloved toy of Xom.
You visited 8 branches of the dungeon, and saw 41 of its levels.
You visited the Abyss 2 times.
You also visited: Ossuary, Bailey, Ice Cave, Volcano and Desolation.

You collected 7366 gold pieces.
You spent 977 gold pieces at shops.


Innate Abilities, Weirdness & Mutations

((You are very nimble when in or above water. (Stealth+, EV+, Speed+++)))
Your lower body shifts to a powerful aquatic tail in water.
You have a pair of small horns on your head.
You are completely covered in iridescent scales. (AC +6)
You have a somewhat thin skeletal structure. (Dex +2, Stealth+)
Your skin changes colour to match your surroundings (Stealth+).
You are agile. (Dex +4, Str/Int -1)
You possess an exceptional clarity of mind.
Your mind is very acute. (Int +8, Str/Dex -2)
You are strong-willed. (Will+)
You are somewhat resistant to further mutation.
You passively map the area around you.
Your system is resistant to poisons. (rPois)
You are robust. (+10% HP)
Your muscles are strong. (Str +4, Int/Dex -1)
Your spells are a little harder to cast, but a little more powerful.
Your movements are slightly less encumbered by armour. (ER -2)


   Skills:
 O Level 27 Fighting
 - Level 24.0 Polearms
 + Level 19.9 Armour
 + Level 23.2 Dodging
 - Level 6.1 Evocations


You had 24 spell levels left.
You didn't know any spells.
Your spell library contained the following spells:

 Spells                   Type           Power      Damage    Failure   Level
 Apportation              Tloc           0%         N/A       54%         1
 Kiss of Death            Conj/Necr      0%         2d5       54%         1
 Magic Dart               Conj           0%         1d3       54%         1
 Shock                    Conj/Air       0%         1d3       54%         1
 Slow                     Hex            0%         N/A       54%         1
 Sting                    Tmut/Pois      0%         1d3       54%         1
 Blink                    Tloc           0%         N/A       69%         2
 Call Imp                 Summ           0%         N/A       69%         2
 Cigotuvi's Dreadful Rot  Necr/Pois/Air  0%         N/A       69%         2
 Jinxbite                 Hex            0%         N/A       69%         2
 Lesser Beckoning         Tloc           0%         N/A       69%         2
 Momentum Strike          Conj/Tloc      0%         3d8       69%         2
 Poisonous Vapours        Pois/Air       0%         N/A       69%         2
 Scorch                   Fire           0%         2d5       69%         2
 Sublimation of Blood     Necr           0%         N/A       69%         2
 Call Canine Familiar     Summ           0%         N/A       88%         3
 Confusing Touch          Hex            0%         N/A       88%         3
 Gell's Gravitas          Tloc           0%         N/A       88%         3
 Ignite Poison            Fire/Tmut/Pois 0%         N/A       88%         3
 Inner Flame              Hex/Fire       0%         N/A       88%         3
 Mephitic Cloud           Conj/Pois/Air  0%         N/A       88%         3
 Ozocubu's Armour         Ice            0%         N/A       88%         3
 Sigil of Binding         Hex            0%         N/A       88%         3
 Summon Guardian Golem    Hex/Summ       0%         N/A       88%         3
 Swiftness                Air            0%         N/A       88%         3
 Teleport Other           Tloc           0%         N/A       88%         3
 Tukima's Dance           Hex            0%         N/A       88%         3
 Vampiric Draining        Necr           0%         2d6       88%         3
 Volatile Blastmotes      Fire/Tloc      0%         2d10      88%         3
 Airstrike                Air            0%         2d(0-16)  99%         4
 Anguish                  Hex/Necr       0%         N/A       99%         4
 Animate Armour           Summ/Erth      0%         N/A       99%         4
 Animate Dead             Necr           0%         N/A       99%         4
 Brom's Barrelling Bould  Conj/Erth      0%         2d3       99%         4
 Cause Fear               Hex            0%         N/A       99%         4
 Dimensional Bullseye     Hex/Tloc       0%         N/A       99%         4
 Dispel Undead            Necr           0%         3d6       99%         4
 Flame Wave               Conj/Fire      0%         2d4       99%         4
 Iskenderun's Mystic Bla  Conj/Tloc      0%         2d3       99%         4
 Leda's Liquefaction      Hex/Erth       0%         N/A       99%         4
 Passage of Golubria      Tloc           0%         N/A       99%         4
 Petrify                  Tmut/Erth      0%         N/A       99%         4
 Sticky Flame             Conj/Fire      0%         2d3       99%         4
 Summon Ice Beast         Ice/Summ       0%         N/A       99%         4
 Summon Lightning Spire   Summ/Air       0%         N/A       99%         4
 Agony                    Necr           0%         N/A       100%        5
 Alistair's Intoxication  Tmut/Pois      0%         N/A       100%        5
 Borgnjor's Vile Clutch   Necr/Erth      0%         N/A       100%        5
 Fireball                 Conj/Fire      0%         3d3       100%        5
 Irradiate                Conj/Tmut      0%         3d11      100%        5
 Iskenderun's Battlesphe  Conj           0%         2d6       100%        5
 Lee's Rapid Deconstruct  Erth           0%         3d4*      100%        5
 Metabolic Englaciation   Hex/Ice        0%         N/A       100%        5
 Silence                  Hex/Air        0%         N/A       100%        5
 Summon Forest            Summ/Tloc      0%         N/A       100%        5
 Summon Mana Viper        Hex/Summ       0%         N/A       100%        5
 Conjure Ball Lightning   Conj/Air       0%         3x3d6     100%        6
 Death Channel            Necr           0%         N/A       100%        6
 Dispersal                Tloc           0%         N/A       100%        6
 Eringya's Noxious Bog    Tmut/Pois      0%         4d6       100%        6
 Leda's Unmaking          Conj/Erth      0%         9d1       100%        6
 Simulacrum               Ice/Necr       0%         N/A       100%        6
 Starburst                Conj/Fire      0%         6d3       100%        6
 Summon Cactus Giant      Summ           0%         N/A       100%        6
 Enfeeble                 Hex            0%         N/A       100%        7
 Monstrous Menagerie      Summ           0%         N/A       100%        7
 Orb of Destruction       Conj           0%         9d5       100%        7
 Ozocubu's Refrigeration  Ice            0%         4d7       100%        7
 Spellforged Servitor     Conj/Summ      0%         N/A       100%        7
 Summon Hydra             Summ           0%         N/A       100%        7
 Ignition                 Fire           0%         3d3       100%        8
 Lehudib's Crystal Spear  Conj/Erth      0%         10d2      100%        8
 Chain Lightning          Conj/Air       0%         N/A       100%        9

Inventory:

Hand Weapons
 a - a +9 bardiche of protection (weapon)
Armour
 b - a +0 cloak (worn)
 h - a +1 helmet
 p - a +1 hat (worn)
 A - a +0 pair of gloves (worn)
 C - +5 ice dragon scales (worn)
 W - a +2 pair of boots (worn)
Jewellery
 i - an amulet of faith {!P}
 j - the ring "Igienaj" {rF+ rN+ Str+2 Dex+3}
   (You took it off a vault guard on level 5 of the Vaults)

   [ring of protection from fire]

   Str+2:     It affects your strength (+2).
   Dex+3:     It affects your dexterity (+3).
   rF+:       It protects you from fire.
   rN+:       It protects you from negative energy.
 n - the necklace of Bloodlust (around neck) {Fury *Rage Will++ Int-3 Slay+6}
   (You took it off an imperial myrmidon in the Desolation of Salt)

   [amulet of nothing]

   Fury:      It extends the wearer's berserk rage when killing foes.
   Int-3:     It affects your intelligence (-3).
   Slay+6:    It affects your accuracy & damage with ranged weapons and melee
   (+6).
   Will++:    It greatly increases your willpower.
   *Rage:     It berserks you when you make melee attacks (+50% chance).
 E - a +5 ring of evasion
 F - the ring "Quruotips" (right hand) {rC+ SInv}
   (Xom gifted it to you on level 3 of the Spider Nest)

   [ring of see invisible]

   rC+:       It protects you from cold.
   SInv:      It lets you see invisible.
 K - an amulet of reflection
 L - a ring of flight
 M - the amulet of the Burgomaster {Regen+ Dex+3}
   (You took it off a deep elf death mage on level 5 of the Vaults)

   [amulet of regeneration]

   Dex+3:     It affects your dexterity (+3).
   Regen+:    It increases your rate of health regeneration.
 N - the ring of Qojy Goa (left hand) {+Blink rF++ rN+ MP+9 Str-2}
   (You took it off a deep elf annihilator on level 3 of the Elven Halls)

   [ring of positive energy]

   Str-2:     It affects your strength (-2).
   rF++:      It greatly protects you from fire.
   rN+:       It protects you from negative energy.
   MP+9:      It affects your magic capacity (+9).
   +Blink:    It lets you blink.
 R - a ring of resist corrosion
 T - a +4 ring of protection
 U - the ring "Acetto" {+Blink rN+ Int-5 Dex+6}
   (You took it off a deep elf knight on level 1 of the Elven Halls)

   [ring of dexterity]

   Int-5:     It affects your intelligence (-5).
   Dex+6:     It affects your dexterity (+6).
   rN+:       It protects you from negative energy.
   +Blink:    It lets you blink.
Wands
 d - a wand of polymorph (20)
 e - a wand of paralysis (19)
 o - a wand of digging (20)
 r - a wand of iceblast (26)
 P - a wand of quicksilver (11)
 X - a wand of mindburst (24)
Scrolls
 c - 2 scrolls of immolation
 k - 3 scrolls of poison
 q - a scroll of fear
 s - 11 scrolls of teleportation {@r2}
 G - 7 scrolls of fog
 I - 31 scrolls of identify {@r1}
 Y - a scroll of revelation
Potions
 f - 15 potions of ambrosia
 g - 8 potions of might
 l - 12 potions of curing {@q1}
 u - 2 potions of haste {@q3}
 v - 3 potions of cancellation
 w - 4 potions of brilliance
 x - 3 potions of attraction
 z - a potion of heal wounds {@q2}
 D - 4 potions of mutation
 J - 10 potions of enlightenment
 Q - a potion of berserk rage {!q}
 S - 9 potions of invisibility
 V - 4 potions of resistance
 Z - 3 potions of magic
Miscellaneous
 y - a tin of tremorstones (2/2)
 B - a phial of floods
 H - a lightning rod (4/4)
 O - a phantom mirror

Dungeon Overview and Level Annotations

Branches:
Dungeon (15/15)            Temple (0/1) D:4            Lair (5/5) D:9
  Swamp (4/4) Lair:2       Spider (visited)           Slime (0/5) Lair:5
    Orc (2/2) D:11            Elf (3/3) Orc:2        Vaults (5/5) D:14
  Crypt (0/3) Vaults:3     Depths (3/4) D:15        Ossuary (visited)
 Bailey (visited)           IceCv (visited)         Volcano (visited)
Desolation (visited)

Altars:
Dithmenos
Elyvilon
Gozag
Hepliaklqana
Kikubaaqudgha
Makhleb
Nemelex Xobeh
Ru
Sif Muna
Trog
Wu Jian
Xom

Shops:
D:1 !   D:5 (   D:12 *   Orc:2 *:([   Elf:2 ?   Vaults:1 (![   Vaults:2 :

Portals:
Hell: Depths:1 Depths:2
Abyss: Depths:1
Pandemonium: Depths:1 Depths:2

Annotations:
Lair:2 exclusion: oklob plant
Orc:2 1 runed translucent door, avis's ghost, journeyman HOMo

...'..⌠..)....#..░
#...#.....#...##..░
#####.....#####..░░
.................░
..............^.░░░
..###+...'###...░.░
..#, #...#..#..'░.░
..# ,#...#..#Z.D..░
░.####...####.░░@.░
░.............░...░
░░.......D...░░.<.░
░░░░░░░+░░░░░░....░
░*, , .. ░░...░ ░ ,
* * ▒. ░...░ *
▒.░░..░ ▒..'..░
▒▒.'░.░


You could see a bone dragon and a spriggan defender zombie (struggling).


Message History

You hear a shout!
You hit the storm dragon but do no damage.
The storm dragon is moderately wounded.
The storm dragon misses you.
The storm dragon completely misses you. x2
The bone dragon bites you!
* * * LOW HITPOINT WARNING * * *
The bone dragon misses you. The bone dragon tramples you!
* * * LOW HITPOINT WARNING * * *
You stumble backwards!
The storm dragon breathes lightning at you.
The bolt of lightning hits you!
* * * LOW HITPOINT WARNING * * *
Xom thinks this is hilarious!
The bone dragon barely misses you. The bone dragon completely misses you.
The bone dragon barely misses you.
As you read the scroll of fear, it crumbles to dust.
You assume a fearsome visage.
The storm dragon looks frightened!
The bone dragon is unaffected.
The spriggan defender zombie is unaffected.
The bone dragon closely misses you. The bone dragon claws you!
* * * LOW HITPOINT WARNING * * *
The bone dragon barely misses you. The bone dragon closely misses you.
The bone dragon misses you. The bone dragon barely misses you.
There is a large open door here.
The bone dragon attacks as it pursues you!
The bone dragon bites you.
* * * LOW HITPOINT WARNING * * *
The bone dragon claws you!
You die...

Skill      XL: |  1  2  3  4  5  6  7  8  9 10 11 12 13 14 15 16 17 18 19 20 21 22 23 24 |
---------------+-------------------------------------------------------------------------+-----
Polearms       | 5 6 8 10 12 13 14 20 24 | 24.0
Dodging        | 3 6 10 15 17 18 20 21 23 | 23.2
Fighting       | 6 8 11 13 15 17 19 20 22 23 25 26 27 | 27.0
Evocations     | 6 |  6.1
Armour         | 4 6 9 10 11 12 14 15 18 19 | 19.9

Action                     |  1- 3 |  4- 6 |  7- 9 | 10-12 | 13-15 | 16-18 | 19-21 | 22-24 | 25-27 || total
---------------------------+-------+-------+-------+-------+-------+-------+-------+-------+-------++-------
  Melee: Spear             |   133 |   131 |   501 |   734 |  1859 |       |       |       |       ||  3358
         Punch             |     1 |     1 |     9 |    16 |    35 |    12 |       |       |       ||    74
         Headbutt          |       |       |    93 |   150 |   629 |   415 |   383 |   579 |    20 ||  2269
         Tailslap          |       |       |       |       |    12 |    92 |     4 |    16 |       ||   124
         Trident           |       |       |       |       |   456 |  1157 |       |       |       ||  1613
         Bardiche          |       |       |       |       |       |   428 |  1616 |  1911 |    44 ||  3999
  Evoke: Wand              |       |       |       |    11 |    18 |     1 |     6 |     5 |       ||    41
         Phial of floods   |       |       |       |       |       |       |     1 |       |       ||     1
         Tin of tremorston |       |       |       |       |       |       |     2 |       |       ||     2
    Use: Scroll            |     3 |     7 |    13 |     8 |    16 |    19 |    19 |    19 |     3 ||   107
         Potion            |     1 |       |     2 |     5 |     6 |     2 |    15 |     9 |     2 ||    42
   Stab: Sleeping          |     3 |     2 |     2 |     2 |     6 |    11 |    17 |     6 |       ||    49
         Confused          |     1 |       |       |     3 |     2 |     5 |     6 |    18 |       ||    35
         Paralysed         |       |       |     2 |       |    10 |       |       |       |       ||    12
         Distracted        |       |       |     1 |       |    11 |     6 |    13 |     8 |       ||    39
         Invisible         |       |       |       |     1 |       |     9 |     1 |       |       ||    11
         Petrified         |       |       |       |       |     2 |     6 |       |     8 |       ||    16
 Armour: Leather armour    |    39 |    39 |   121 |   138 |   134 |       |       |       |       ||   471
         Ice dragon scales |       |       |       |       |   140 |       |       |  1028 |    51 ||  1219
         Animal skin       |       |       |       |       |   272 |   594 |   535 |    33 |       ||  1434
  Dodge: Dodged            |    57 |    55 |   137 |   326 |  1617 |  1711 |  1230 |  1853 |   104 ||  7090
  Block: Other             |       |       |       |    38 |    48 |       |       |    21 |       ||   107

Levels and vault maps discovered:
D:1:      minmay_arrival_nine_rooms, layout_loops_ring, serial_shops,
          nicolae_shop_industrial_runoff
D:2:      layout_rooms, wad_orctagon
D:3:      layout_rooms, nicolae_wu_jian_immortal_techniques, solitary_fountain,
          minmay_misc_feat_plants, uniq_grinder
D:4:      layout_basic, mainiacjoe_overflow_surrounded_room,
          minmay_temple_entry_fiery, uniq_crazy_yiuf_cottage
D:5:      layout_loops_ring, overflow_temple_1_default, serial_shops,
          nicolae_shop_stone, gup_ossuary_entry_pyramid
D:6:      layout_rooms
D:7:      layout_basic, lemuel_mausoleum_altar_kikubaaqudgha,
          mainiacjoe_overflow_brackets, amcnicky_altar_gilded,
          mainiacjoe_overflow_paths, minmay_fractal_squares_diagonal_5
D:8:      layout_basic, enter_bailey_2, grunt_livestock, hex_large,
          minmay_curled_crystal, nicolae_letterblocks [nicolae_letter_subblock,
          nicolae_letter_subblock, nicolae_letter_subblock,
          nicolae_letter_subblock, nicolae_letter_subblock,
          nicolae_letter_subblock, nicolae_letter_subblock,
          nicolae_letter_subblock, nicolae_letter_subblock,
          nicolae_letter_subblock, nicolae_letter_subblock,
          nicolae_letter_subblock, nicolae_letter_subblock,
          nicolae_letter_subblock, nicolae_letter_subblock,
          nicolae_letter_subblock, nicolae_letter_subblock,
          nicolae_letter_subblock, nicolae_letter_subblock,
          nicolae_letter_subblock, nicolae_letter_subblock,
          nicolae_letter_subblock, nicolae_letter_subblock,
          nicolae_letter_subblock, nicolae_letter_subblock]
D:9:      layout_irregular_city, grunt_lair_entry_orc_guard_hut,
          minmay_increasing_density
D:10:     layout_loops_corners, mainiacjoe_overflow_catwalk_spiral,
          nicolae_overflow_hidden_temple
D:11:     layout_basic, david_orc_1_choice
D:12:     layout_irregular_city, serial_shops, shop_statue
D:13:     layout_gridville, special_room [special_room_bee]
D:14:     layout_stronghold, hellmonk_vaults_keyhole, st_stairs_11,
          amcnicky_mini_corridor_feature, bh_walls_and_bars, uniq_kirke
D:15:     grunt_enter_depths_hoard, layout_long_grid,
          chequers_serial_rivers_large_b
Lair:1:   layout_regular_city
Lair:2:   layout_cave_pods, swamp_mist, hellmonk_spider_entry_not_the_bees,
          basic_altar, lemuel_oklob_altar, grunt_megastairs_2, uniq_nergalle
Lair:3:   layout_chaotic_city, portal_ice_cave_entry_ice_simulacra,
          wad_woods_river_04, st_stairs_5, evilmike_ambush
          [evilmike_ambush_outer_basic, evilmike_ambush_inner_cross],
          uniq_fannar, uniq_nessos
Lair:4:   layout_layer_cave, minmay_hedge_maze, dreamdust_gnoll_shepherd
Lair:5:   gammafunk_lair_ancient_temple, layout_regular_city,
          minmay_slime_entry_eyes, lightli_volcano_entry_magma_tube
Swamp:1:  layout_falls_marsh, evilmike_swamp_ruin_house_2, swamp_pool1,
          statue_in_the_mist_lemuel, infiniplex_staircase_pool_2
Swamp:2:  nicolae_swamp_husk_halls, layout_basic_swamp,
          evilmike_swamp_ruin_house_5
Swamp:3:  layout_falls_marsh, evilmike_swamp_ruin_house_4, swamp_pool5
Swamp:4:  swamp, layout_basic_swamp, swamp_pool1
Spider:1: layout_spider_delve
Spider:2: layout_spider_delve, drop_trap
Spider:3: layout_spider_delve, nicolae_spider_nooks_and_crannies
Spider:4: guppyfry_spider_rune, nicolae_spider_eight_legs, uniq_nikola
Orc:1:    layout_diamond_mine, nicolae_orc_stony_grotto
Orc:2:    grunt_orc_community_town_hall, layout_caves,
          grunt_orc_community_big_house_2, grunt_orc_community_big_house_1,
          grunt_orc_community_house_3, grunt_orc_community_house_1,
          grunt_orc_community_house_2, grunt_orc_community_house_1,
          ebering_ghost_reflecting_pool, uniq_urug
Elf:1:    elf_arrival_001, layout_onion_city, basic_altar,
          kennysheep_underground_church, nrook_mini_backslash,
          minmay_checkered_concentric_circles
Elf:2:    elven_hall_of_blades_hangedman_original
          [nicolae_blade_entry_crossed_weapons], layout_geoelf_grid,
          serial_shops, shop, portal_desolation_entry_salt,
          gammafunk_ghost_split, minivault_20, glass_columns_b, minivault_27
Elf:3:    nooodl_elf_gasket, layout_loops_corners, uniq_bai_suzhen
Vaults:1: nicolae_vaults_shelves_hall, ontoclasm_vaults_chip,
          nicolae_vaults_tetromino_L_1, v_misc_27, nicolae_vaults_trapezoid_2,
          hangedman_vaults_corner, v_pattern_4,
          nicolae_vaults_security_offices_3,
          nicolae_vaults_windows_and_doors_thing,
          nicolae_vaults_taking_the_gang_shopping, nicolae_vaults_tangram_1,
          nicolae_vaults_tetromino_L_1, vaults_dpeg_emergency_exit,
          layout_vaults_chaotic_city, serial_shops, bzr_entry_gold,
          nicolae_shop_bloodbath_and_beyond, shop
Vaults:2: grunt_vaults_hallway_short, nicolae_vaults_diffraction_hallways,
          v_alt_pattern_6, nicolae_vaults_diamond_2,
          nicolae_vaults_layer_cake_slice, hangedman_vaults_locks,
          grunt_vaults_swirl, nicolae_vaults_sesquioval_fish,
          hangedman_vaults_river_flow, nicolae_vaults_little_squares_5,
          v_pattern_5, ontoclasm_vaults_loading_screen, vaults_room_pool,
          nicolae_vaults_trapezoid_2, vaults_room_hallway,
          nicolae_vaults_little_squares_2, layout_vaults_omnicross,
          serial_shops, nicolae_shop_tiny_real_fake_doors
Vaults:3: nicolae_vaults_twisting_passages, nicolae_vaults_turnstiles,
          dpeg_vaults_monster_box, v_misc_11, nicolae_vaults_tetromino_Z_2,
          minmay_crypt_entry_simple_box, nicolae_vaults_variable_pillar_hall,
          layout_vaults_omnigrid
Vaults:4: nicolae_vaults_mitosis, v_misc_10, nicolae_vaults_storage_closets_1,
          nicolae_vaults_three_branches, nicolae_vaults_variable_pillar_hall,
          v_rooms_6, nicolae_vaults_two_Ls, vaults_mumra_minichess,
          nicolae_vaults_shipping_containers_5, nicolae_vaults_trapezoid_3,
          v_alt_pattern_3, nicolae_vaults_double_plus_2, layout_vaults_ring
Vaults:5: uniq_saint_roka
Depths:1: layout_cave_shapes, serial_column_ruins, column_ruins_portal_hut,
          column_ruins_columns_straight, column_ruins_grid_1,
          column_ruins_open_small_water, column_ruins_grid_1,
          column_ruins_open_small_water, pan_entry, pf_hell_entry_tar_spiral,
          kennysheep_another_room, kennysheep_potato
Depths:2: minmay_bubble_buster, layout_gridlike, minmay_misc_feat_alley,
          pf_hell_entry_great_geh, rand_demon_pan_entry_1,
          minmay_misc_feat_diagonals, serial_bayou_shore_b
Depths:3: hellmonk_hyper_hexagons [hex_subvault_village,
          hex_subvault_double_channel, hex_subvault_bell, hex_subvault_orbs,
          hex_subvault_octagon, hex_subvault_dug_out, hex_subvault_two_sheets],
          abyss_entry, hell_entry

Notes
Turn   | Place    | Note
-------+----------+-------------------------------------------
     0 | D:1      | demibob the Merfolk Chaos Knight began the quest for the
                  | Orb.
     0 | D:1      | Reached XP level 1. HP: 18/18 MP: 1/1
    77 | D:1      | Found Rufyheg's Distillery.
   175 | D:1      | Reached XP level 2. HP: 21/24 MP: 2/2
   235 | D:1      | Reached skill level 5 in Polearms
   491 | D:1      | Reached XP level 3. HP: 29/29 MP: 3/3
   564 | D:1      | XOM: divination: detect creatures
   595 | D:1      | XOM: silly message
   737 | D:2      | XOM: silly message
   839 | D:2      | XOM: silly message
   891 | D:2      | Reached skill level 6 in Polearms
  1009 | D:2      | XOM: god gift: transparent scimitar {god gift}
  1009 | D:2      | Identified the +6 scimitar of Defence {chaos, Dex+3} (Xom
                  | gifted it to you on level 2 of the Dungeon)
  1010 | D:2      | XOM: silly message
  1031 | D:2      | Reached XP level 4. HP: 35/35 MP: 4/4
  1185 | D:2      | XOM: cast spell 'Summon Cactus Giant'
  1248 | D:2      | XOM: silly message
  1364 | D:2      | XOM: silly message
  1489 | D:3      | Noticed Grinder
  1497 | D:3      | Killed Grinder
  1498 | D:3      | Reached skill level 8 in Polearms
  1498 | D:3      | Reached XP level 5. HP: 14/41 MP: 5/5
  1498 | D:3      | Reached XP level 6. HP: 16/47 MP: 6/6
  1638 | D:3      | Reached skill level 9 in Polearms
  1710 | D:3      | XOM: divination: detect creatures
  2073 | D:3      | Found an ornate altar of the Wu Jian Council.
  2127 | D:4      | XOM: scenery: 1 doors open
  2129 | D:4      | XOM: polymorph gnoll -> endoplasm
  2211 | D:4      | Found a sacrificial altar of Ru.
  2262 | D:4      | Reached skill level 10 in Polearms
  2268 | D:4      | Reached XP level 7. HP: 49/52 MP: 7/7
  2354 | D:4      | Found a runed translucent door.
  2355 | D:4      | Noticed Crazy Yiuf
  2405 | D:4      | Found a staircase to the Ecumenical Temple.
  2504 | D:4      | an adder changed into a warg
  2504 | D:4      | Noticed a warg
  2504 | D:4      | XOM: polymorph adder -> warg
  2512 | D:4      | Killed a warg
  2534 | D:4      | Reached skill level 11 in Polearms
  2551 | D:4      | XOM: give mutations
  2551 | D:4      | Gained mutation: You have a pair of small horns on your
                  | head. [Xom's grace]
  2551 | D:4      | Gained mutation: Your mind is acute. (Int +4, Str/Dex -1)
                  | [Xom's grace]
  2616 | D:4      | XOM: god gift: lumpy white potion {god gift}
  2832 | D:4      | Killed Crazy Yiuf
  2869 | D:5      | Entered Level 5 of the Dungeon
  2920 | D:5      | XOM: potion effect (berserk rage)
  2923 | D:5      | XOM: confuse monster(s)
  2926 | D:5      | Reached skill level 12 in Polearms
  2926 | D:5      | Reached skill level 3 in Dodging
  2926 | D:5      | Reached XP level 8. HP: 58/58 MP: 8/8
  3030 | D:5      | XOM: god gift: 850 gold pieces
  3043 | D:5      | XOM: polymorph ogre -> warg
  3045 | D:5      | XOM: summons friendly crimson imp
  3054 | D:5      | Reached skill level 4 in Fighting
  3054 | D:5      | Reached skill level 4 in Dodging
  3167 | D:5      | Found Xaafies's Weapon Boutique.
  3316 | D:5      | Found a sand-covered staircase.
  3328 | Ossuary  | Entered an ossuary
  3349 | Ossuary  | XOM: scenery: 2 doors open, 1 doors close
  3393 | Ossuary  | Reached skill level 5 in Dodging
  3399 | Ossuary  | Reached skill level 5 in Fighting
  3449 | Ossuary  | Reached skill level 6 in Dodging
  3505 | Ossuary  | XOM: summons 5 hostile demons
  3605 | Ossuary  | XOM: god gift: 52 gold pieces
  3654 | Ossuary  | Reached skill level 6 in Fighting
  3661 | Ossuary  | Reached XP level 9. HP: 54/69 MP: 9/9
  3745 | Ossuary  | Reached skill level 7 in Dodging
  3749 | Ossuary  | XOM: enchant monster (good)
  3822 | Ossuary  | XOM: fog
  3910 | Ossuary  | XOM: cloud trail
  4165 | D:5      | Found a shadowy altar of Dithmenos.
  4178 | D:5      | Reached skill level 7 in Fighting
  4178 | D:5      | Reached skill level 8 in Dodging
  4264 | D:5      | XOM: cloud trail
  4321 | D:5      | XOM: silly message
  4614 | D:6      | XOM: 4-stop teleportation journey
  4674 | D:6      | XOM: god gift: 2 stones
  4822 | D:6      | Reached skill level 8 in Fighting
  4822 | D:6      | Reached skill level 9 in Dodging
  4914 | D:6      | XOM: give mutation
  4914 | D:6      | Gained mutation: Your body sometimes deteriorates upon
                  | taking damage. [Xom's mischief]
  4965 | D:7      | XOM: 1-stop teleportation journey
  5108 | D:7      | Found an opulent altar of Gozag.
  5210 | D:7      | XOM: summons friendly shadow imp
  5229 | D:7      | XOM: confusion (+ monsters)
  5429 | D:7      | Found a bloodstained altar of Trog.
  5444 | D:7      | Found a white marble altar of Elyvilon.
  5461 | D:7      | XOM: confusion
  5462 | D:7      | XOM: noise
  5471 | D:7      | Reached skill level 10 in Dodging
  5518 | D:7      | Reached XP level 10. HP: 82/82 MP: 10/10
  5605 | D:7      | Reached skill level 9 in Fighting
  5644 | D:7      | XOM: silly message
  5651 | D:7      | Found an ancient bone altar of Kikubaaqudgha.
  5660 | D:7      | XOM: swap monsters
  5662 | D:7      | XOM: scenery: 4 doors open, 8 doors close
  5674 | D:7      | XOM: confuse monster(s)
  5677 | D:7      | XOM: enchant monster (good)
  5906 | D:8      | XOM: give mutations
  5906 | D:8      | Gained mutation: You are partially covered in iridescent
                  | scales. (AC +2) [Xom's grace]
  5906 | D:8      | Gained mutation: You have hidden genetic potential. [Xom's
                  | grace]
  5906 | D:8      | Gained mutation: You passively map a small area around you.
                  | [Xom's grace]
  5946 | D:8      | XOM: silly message
  5949 | D:8      | XOM: noise
  6022 | D:8      | XOM: cast spell 'Leda's Liquefaction'
  6110 | D:8      | Reached skill level 11 in Dodging
  6235 | D:8      | Found a flagged portal.
  6244 | Bailey   | Entered a bailey
  6415 | Bailey   | XOM: give mutations
  6415 | Bailey   | Gained mutation: You are partially covered in large bone
                  | plates. (SH +4) [Xom's grace]
  6415 | Bailey   | Gained mutation: Your muscles are strong. (Str +4, Int/Dex
                  | -1) [Xom's grace]
  6415 | Bailey   | Gained mutation: You have a pair of horns on your head.
                  | [Xom's grace]
  6415 | Bailey   | Gained mutation: You possess an exceptional clarity of
                  | mind. [Xom's grace]
  6428 | Bailey   | Reached skill level 10 in Fighting
  6516 | Bailey   | Noticed an orc warlord
  6516 | Bailey   | Noticed an orc knight
  6517 | Bailey   | Noticed an orc knight
  6521 | Bailey   | XOM: divination: detect creatures
  6523 | Bailey   | Killed an orc knight
  6533 | Bailey   | XOM: divination: magic mapping
  6536 | Bailey   | HP: 9/129 [orc warlord/+4 broad axe (49)]
  6537 | Bailey   | Killed an orc warlord
  6538 | Bailey   | Reached skill level 12 in Dodging
  6540 | Bailey   | XOM: potion effect (heal wounds)
  6545 | Bailey   | XOM: potion effect (might)
  6553 | Bailey   | Killed an orc knight
  6554 | Bailey   | Reached skill level 11 in Fighting
  6691 | Bailey   | XOM: silly message
  6735 | Bailey   | Reached skill level 15 in Dodging
  6735 | Bailey   | Reached skill level 6 in Evocations
  6735 | Bailey   | Reached XP level 11. HP: 93/93 MP: 11/11
  6743 | Bailey   | Got the Volume of Burning
  7070 | D:8      | XOM: enchant monster (good)
  7136 | D:8      | Reached XP level 12. HP: 89/100 MP: 12/12
  7164 | D:8      | Gained mutation: Your system is resistant to poisons.
                  | (rPois) [hidden potential]
  7168 | D:8      | XOM: god gift: long sword {god gift}
  7248 | D:9      | XOM: cast spell 'Cause Fear'
  7258 | D:9      | XOM: cast spell 'Death Channel'
  7262 | D:9      | XOM: swap monsters
  7320 | D:9      | Found a staircase to the Lair.
  7439 | D:9      | XOM: silly message
  7442 | D:9      | XOM: noise
  7462 | D:9      | XOM: potion effect (invisibility)
  7691 | D:9      | Reached skill level 12 in Fighting
  7821 | D:9      | XOM: 1-stop teleportation journey
  7885 | D:9      | Noticed a two-headed ogre
  7897 | D:9      | Killed a two-headed ogre
  7898 | D:9      | Reached skill level 16 in Dodging
  7930 | D:9      | XOM: polymorph yak -> fire crab
  7942 | D:9      | XOM: enchant monster (bad)
  7991 | D:9      | XOM: give mutations
  7991 | D:9      | Gained mutation: You occasionally shout uncontrollably at
                  | your foes. [Xom's mischief]
  7991 | D:9      | Lost mutation: You possess an exceptional clarity of mind.
                  | [Xom's mischief]
  7991 | D:9      | Lost mutation: Your muscles are strong. (Str +4, Int/Dex
                  | -1) [Xom's mischief]
  7991 | D:9      | Lost mutation: You occasionally shout uncontrollably at
                  | your foes. [Xom's mischief]
  8193 | D:9      | Identified a potion of resistance
  8198 | D:10     | Entered Level 10 of the Dungeon
  8219 | D:10     | Found a burning altar of Makhleb.
  8227 | D:10     | Found a sparkling altar of Nemelex Xobeh.
  8258 | D:10     | Found a hazy altar of Hepliaklqana.
  8343 | D:10     | XOM: confuse monster(s)
  8398 | D:10     | XOM: give mutations
  8398 | D:10     | Lost mutation: Your system is resistant to poisons. (rPois)
                  | [Xom's mischief]
  8398 | D:10     | Lost mutation: You have a pair of horns on your head.
                  | [Xom's mischief]
  9020 | D:10     | XOM: summons 1 hostile shadow creature
  9126 | D:10     | XOM: noise
  9146 | D:11     | XOM: fake destruction
  9164 | D:11     | XOM: polymorph centaur -> wolf
  9344 | D:11     | XOM: polymorph troll -> culicivora
  9361 | D:11     | XOM: confusion
  9374 | D:11     | XOM: confusion
  9383 | D:11     | XOM: 4-stop teleportation journey
  9390 | D:11     | XOM: silly message
  9428 | D:11     | XOM: potion effect (brilliance)
  9431 | D:11     | Reached skill level 13 in Fighting
  9460 | D:11     | XOM: silly message
  9557 | D:11     | Noticed a two-headed ogre
  9572 | D:11     | XOM: enchant monster (good)
  9579 | D:11     | XOM: chaos upgrade
  9581 | D:11     | XOM: enchant monster (bad)
  9584 | D:11     | Reached skill level 17 in Dodging
  9597 | D:11     | Killed a two-headed ogre
  9707 | D:11     | XOM: confusion (+ monsters)
  9725 | D:11     | XOM: enchant monster (bad)
  9839 | D:11     | Found a staircase to the Orcish Mines.
  9857 | D:11     | XOM: summons 3 hostile demons
  9867 | D:11     | XOM: enchant monster (good)
  9921 | D:11     | XOM: noise
  9922 | D:11     | XOM: divination: magic mapping
  9979 | D:11     | XOM: scenery: summon butterflies
 10012 | D:11     | XOM: swap monsters
 10102 | D:11     | XOM: god gift: staff of air
 10314 | Lair:1   | Entered Level 1 of the Lair of Beasts
 10324 | Lair:1   | XOM: swap monsters
 10345 | Lair:1   | XOM: scenery: summon butterflies
 10349 | Lair:1   | XOM: scenery: summon butterflies
 10354 | Lair:1   | XOM: enchant monster (good)
 10362 | Lair:1   | Reached XP level 13. HP: 96/112 MP: 13/13
 10402 | Lair:1   | XOM: divination: magic mapping
 10428 | Lair:1   | XOM: silly message
 10434 | Lair:1   | XOM: potion effect (brilliance)
 10437 | Lair:1   | XOM: potion effect (might)
 10452 | Lair:1   | Gained mutation: You are robust. (+10% HP) [hidden
                  | potential]
 10452 | Lair:1   | Lost mutation: You have hidden genetic potential. [hidden
                  | potential expressed]
 10635 | Lair:1   | XOM: silly message
 10656 | Lair:1   | Reached skill level 14 in Fighting
 10659 | Lair:1   | XOM: polymorph komodo dragon -> queen bee
 10672 | Lair:1   | XOM: confuse monster(s)
 10686 | Lair:1   | XOM: 1-stop teleportation journey
 10735 | Lair:1   | Reached skill level 18 in Dodging
 10750 | Lair:1   | XOM: confuse monster(s)
 10991 | Lair:1   | XOM: scenery: create altars
 10999 | Lair:1   | XOM: give mutation
 10999 | Lair:1   | Gained mutation: You are agile. (Dex +4, Str/Int -1) [Xom's
                  | grace]
 11124 | Lair:1   | XOM: cast spell 'Call Canine Familiar'
 11139 | Lair:1   | XOM: noise
 11145 | Lair:1   | Reached skill level 1 in Armour
 11499 | Lair:1   | XOM: confusion
 11525 | Lair:1   | XOM: fog
 11610 | Lair:1   | XOM: give mutations
 11610 | Lair:1   | Gained mutation: You are covered in fur. (AC +1) [Xom's
                  | mischief]
 11610 | Lair:1   | Lost mutation: Your mind is acute. (Int +4, Str/Dex -1)
                  | [Xom's mischief]
 11633 | Lair:2   | XOM: 1-stop teleportation journey
 11634 | Lair:2   | XOM: fog
 11647 | Lair:2   | XOM: enchant monster (good)
 11657 | Lair:2   | Reached skill level 2 in Armour
 11718 | Lair:2   | XOM: scenery: 1 fountains blood, 1 doors open
 11725 | Lair:2   | XOM: polymorph yak -> jumping spider
 11738 | Lair:2   | XOM: swap monsters
 11744 | Lair:2   | Found a white marble altar of Elyvilon.
 11751 | Lair:2   | XOM: summons friendly ufetubus
 11759 | Lair:2   | XOM: summons friendly shadow imp
 11772 | Lair:2   | XOM: confuse monster(s)
 11775 | Lair:2   | Reached skill level 3 in Armour
 11832 | Lair:2   | XOM: cloud trail
 11887 | Lair:2   | XOM: repel stairs
 11894 | Lair:2   | XOM: destruction
 11895 | Lair:2   | Reached skill level 15 in Fighting
 11914 | Lair:2   | XOM: summons 1 hostile demon
 11914 | Lair:2   | Noticed Nergalle
 11917 | Lair:2   | Found a hole to the Spider Nest.
 11967 | Lair:2   | XOM: summons friendly ufetubus
 12052 | Lair:2   | XOM: enchant monster (bad)
 12058 | Lair:2   | XOM: 1-stop teleportation journey
 12232 | Lair:2   | XOM: 3-stop teleportation journey
 12251 | Lair:2   | XOM: 1-stop teleportation journey
 12274 | Lair:2   | Found a staircase to the Swamp.
 12308 | Lair:2   | XOM: give mutation
 12308 | Lair:2   | Gained mutation: You expend magic power (3 MP) to
                  | strengthen your wands. [Xom's grace]
 12323 | Lair:2   | XOM is BORED!
 12323 | Lair:2   | XOM: give mutations
 12323 | Lair:2   | Lost mutation: You are agile. (Dex +4, Str/Int -1) [Xom's
                  | mischief]
 12323 | Lair:2   | Gained mutation: You have a pair of horns on your head.
                  | [Xom's mischief]
 12323 | Lair:2   | Lost mutation: You are partially covered in large bone
                  | plates. (SH +4) [Xom's mischief]
 12566 | Lair:2   | Found an opulent altar of Gozag.
 12613 | Lair:2   | XOM: cast spell 'Chain of Chaos'
 12628 | Lair:2   | Reached skill level 4 in Armour
 12733 | Lair:2   | Identified the +5 longbow "Sudettesem" {flame, Str+3}
 12809 | Lair:2   | XOM: give mutations
 12809 | Lair:2   | Gained mutation: You are mostly covered in iridescent
                  | scales. (AC +4) [Xom's grace]
 12809 | Lair:2   | Gained mutation: You are agile. (Dex +4, Str/Int -1) [Xom's
                  | grace]
 12843 | Lair:2   | XOM: 4-stop teleportation journey
 12912 | Lair:2   | XOM: god gift: 797 gold pieces
 12922 | Lair:2   | XOM: summons friendly ufetubus
 13155 | Lair:2   | Killed Nergalle
 13180 | Lair:2   | XOM: god gift: 5 large rocks
 13223 | Lair:2   | XOM: enchant monster (good)
 13228 | Lair:2   | XOM: blink monster(s)
 13386 | Lair:3   | XOM: scenery: summon butterflies
 13393 | Lair:3   | XOM: enchant monster (bad)
 13395 | Lair:3   | XOM: polymorph rime drake -> something unseen
 13414 | Lair:3   | Noticed Nessos
 13417 | Lair:3   | XOM: stat loss: -1 Int (9/10)
 13421 | Lair:3   | Found a frozen archway.
 13421 | Lair:3   | Noticed Fannar
 13422 | Lair:3   | >>death
 13424 | IceCv    | Entered an ice cave
 13522 | IceCv    | XOM: summons 4 hostile shadow creatures
 13555 | IceCv    | XOM: summons 7 hostile demons
 13595 | IceCv    | XOM: polymorph quasit -> cerulean imp
 13719 | IceCv    | XOM: summons 4 hostile shadow creatures
 13724 | IceCv    | XOM: blink monster(s)
 13727 | IceCv    | XOM: 5-stop teleportation journey
 13737 | IceCv    | XOM: enchant monster (bad)
 13749 | IceCv    | XOM: silly message
 13755 | IceCv    | XOM: smoke on damage
 13772 | IceCv    | XOM: noise
 14004 | IceCv    | XOM: scenery: summon butterflies
 14014 | IceCv    | XOM: noise
 14067 | IceCv    | XOM: swap monsters
 14070 | IceCv    | Noticed a reaper
 14070 | IceCv    | XOM: 5-stop teleportation journey
 14071 | IceCv    | Found the +4 skin of Zhor {*Englaciate rC+++ SInv}
 14076 | IceCv    | XOM: silly message
 14260 | IceCv    | XOM: polymorph ice devil -> orange demon
 14328 | Lair:3   | XOM: enchant monster (bad)
 14338 | Lair:3   | Reached XP level 14. HP: 124/136 MP: 10/14
 14353 | Lair:3   | XOM: enchant monster (bad)
 14440 | Lair:3   | Reached skill level 16 in Fighting
 14507 | Lair:3   | XOM: summons 14 friendly demons
 14586 | Lair:3   | XOM: 3-stop teleportation journey
 14606 | Lair:3   | XOM: polymorph six-headed hydra -> death yak
 14609 | Lair:3   | Identified the +7 falchion of the Ghost {protect, *Noise
                  | rCorr Str+4 Dex+2}
 14641 | Lair:3   | Nessos changed into Nessos the redback
 14641 | Lair:3   | Noticed Nessos
 14653 | Lair:3   | Killed Nessos the redback
 14658 | Lair:3   | XOM: enchant monster (good)
 14670 | Lair:3   | XOM: summons 5 friendly demons
 14689 | Lair:3   | Killed Fannar
 14690 | Lair:3   | Reached skill level 19 in Dodging
 14771 | Lair:3   | XOM: divination: detect creatures
 14825 | Lair:3   | XOM: summons 8 hostile demons
 14832 | Lair:3   | XOM: polymorph ufetubus -> crimson imp
 15017 | Lair:3   | XOM: noise
 15149 | Lair:3   | XOM: swap monsters
 15153 | Lair:3   | XOM: enchant monster (bad)
 15250 | Lair:3   | XOM: polymorph bullfrog -> glowing shapeshifter
 15439 | Lair:4   | XOM: swap monsters
 15454 | Lair:4   | XOM: summons 2 friendly demons
 15553 | Lair:4   | XOM: god gift: scroll of teleportation
 15741 | Lair:4   | XOM: summons friendly iron imp
 15758 | Lair:4   | XOM: 2-stop teleportation journey
 15762 | Lair:4   | XOM: summons 8 hostile demons
 16054 | Lair:4   | Identified the +4 quarterstaff "Regag" {spect, rC+ Dex+4}
 16096 | Lair:4   | XOM: blink monster(s)
 16105 | Lair:4   | Reached skill level 17 in Fighting
 16420 | Lair:4   | XOM: polymorph dream sheep -> shapeshifter
 16422 | Lair:4   | XOM: enchant monster (good)
 16840 | Lair:5   | Entered Level 5 of the Lair of Beasts
 16873 | Lair:5   | XOM: snakes to sticks
 16874 | Lair:5   | XOM: summons friendly ufetubus
 16882 | Lair:5   | XOM: cast spell 'Chain of Chaos'
 16887 | Lair:5   | XOM: enchant monster (bad)
 16896 | Lair:5   | XOM: stat loss: -1 Str (16/17)
 16897 | Lair:5   | XOM: confuse monster(s)
 16903 | Lair:5   | Reached skill level 20 in Dodging
 16916 | Lair:5   | XOM: polymorph skyshark -> torpor snail
 16918 | Lair:5   | XOM: cast spell 'Discord'
 17037 | Lair:5   | XOM: polymorph elephant -> dream sheep
 17107 | Lair:5   | Found a dark tunnel.
 17115 | Volcano  | Entered a volcano
 17116 | Volcano  | Found a large runed translucent door.
 17116 | Volcano  | Found a large runed translucent door.
 17116 | Volcano  | Found a large runed translucent door.
 17116 | Volcano  | Found a large runed translucent door.
 17117 | Volcano  | >>wow
 17122 | Volcano  | XOM: give mutations
 17122 | Volcano  | Gained mutation: Your natural rate of healing is unusually
                  | fast. [Xom's grace]
 17122 | Volcano  | Gained mutation: You are strong-willed. (Will+) [Xom's
                  | grace]
 17128 | Volcano  | XOM: potion effect (heal wounds)
 17148 | Volcano  | XOM: polymorph steam dragon -> jelly
 17185 | Volcano  | XOM: fog
 17194 | Volcano  | Reached XP level 15. HP: 147/149 MP: 15/15
 17214 | Volcano  | Found a large runed translucent door.
 17215 | Volcano  | Found a large runed translucent door.
 17215 | Volcano  | Found a large runed translucent door.
 17215 | Volcano  | Found a large runed translucent door.
 17216 | Volcano  | Found a large runed translucent door.
 17249 | Volcano  | Found a large runed translucent door.
 17250 | Volcano  | Found a large runed translucent door.
 17282 | Volcano  | XOM: scenery: create altars
 17283 | Volcano  | Found a large runed translucent door.
 17295 | Volcano  | Reached skill level 18 in Fighting
 17295 | Volcano  | XOM: chaos cloud
 17331 | Volcano  | Found a large runed translucent door.
 17342 | Volcano  | Found a large runed translucent door.
 17347 | Volcano  | Found a large runed translucent door.
 17347 | Volcano  | Found a large runed translucent door.
 17355 | Volcano  | XOM: summons 2 hostile shadow creatures
 17356 | Volcano  | XOM: silly message
 17358 | Volcano  | XOM: summons 2 hostile demons
 17424 | Volcano  | Reached skill level 21 in Dodging
 17436 | Volcano  | Found a large runed translucent door.
 17436 | Volcano  | Found a large runed translucent door.
 17579 | Lair:5   | XOM: cast spell 'Disjunction'
 17586 | Lair:5   | XOM: divination: detect creatures
 17619 | Lair:5   | XOM: silly message
 17638 | Lair:5   | XOM: enchant monster (good)
 17708 | Lair:5   | XOM: cleaving
 17714 | Lair:5   | XOM: summons friendly quasit
 17718 | Lair:5   | Reached skill level 5 in Armour
 17772 | Lair:5   | XOM: potion effect (might)
 17807 | Lair:5   | XOM: cleaving
 17826 | Lair:5   | XOM: fake destruction
 17828 | Lair:5   | XOM: divination: detect items
 17837 | Lair:5   | XOM: cleaving
 17874 | Lair:5   | XOM: god gift: club {god gift}
 17910 | Lair:5   | Found a staircase to the Slime Pits.
 17920 | Lair:5   | Paralysed by a floating eye for 2 turns
 17932 | Lair:5   | Paralysed by a floating eye for 2 turns
 17959 | Lair:5   | XOM: 3-stop teleportation journey
 18037 | Lair:5   | XOM: smoke on damage
 18127 | Lair:5   | XOM: enchant monster (good)
 18139 | Lair:5   | Identified the +8 trident of Eternal War {venom, rF+ Str+3
                  | Int+4}
 18156 | Lair:5   | XOM: god gift: leather armour {god gift}
 18262 | Lair:5   | XOM: silly message
 18265 | Lair:5   | XOM: confusion (+ monsters)
 18282 | Lair:5   | XOM: scenery: create altars
 18572 | Orc:1    | Entered Level 1 of the Orcish Mines
 18712 | Orc:1    | XOM: enchant monster (bad)
 18714 | Orc:1    | XOM: 2-stop teleportation journey
 18737 | Orc:1    | XOM: fake destruction
 18748 | Orc:1    | Reached skill level 6 in Armour
 18754 | Orc:1    | Reached skill level 19 in Fighting
 19015 | Orc:2    | Entered Level 2 of the Orcish Mines
 19040 | Orc:2    | XOM: 1-stop teleportation journey
 19041 | Orc:2    | Noticed avis's ghost (journeyman HOMo)
 19041 | Orc:2    | Found a runed translucent door.
 19069 | Orc:2    | XOM: chaos upgrade
 19174 | Orc:2    | Noticed Urug
 19177 | Orc:2    | XOM: stat loss: -1 Int (14/15)
 19185 | Orc:2    | Killed Urug
 19342 | Orc:2    | Found a staircase to the Elven Halls.
 19534 | Orc:2    | XOM: noise
 19545 | Orc:2    | XOM: enchant monster (bad)
 19644 | Orc:2    | Noticed an orc warlord
 19649 | Orc:2    | XOM: noise
 19650 | Orc:2    | XOM: summons 2 hostile shadow creatures
 19651 | Orc:2    | XOM: summons 3 hostile demons
 19812 | Orc:2    | Found Suaplyqi's Book Shop.
 19878 | Orc:2    | XOM: confusion
 19897 | Orc:2    | XOM: stat loss: -1 Dex (24/25)
 19898 | Orc:2    | XOM: enchant monster (bad)
 19910 | Orc:2    | Killed an orc warlord
 19994 | Orc:2    | Found Dofukyw's Antique Weapon Shop.
 20000 | Orc:2    | Found Awezxuul's Antique Armour Boutique.
 20053 | Orc:2    | Found Lemamal's Assorted Antiques.
 20343 | Orc:1    | XOM: noise
 20566 | D:12     | XOM: enchant monster (bad)
 20569 | D:12     | XOM: cast spell 'Olgreb's Toxic Radiance'
 20584 | D:12     | XOM: 4-stop teleportation journey
 20632 | D:12     | Reached skill level 13 in Polearms
 20664 | D:12     | XOM: scenery: 1 doors close
 20909 | D:12     | Reached XP level 16. HP: 160/160 MP: 16/16
 20947 | D:12     | XOM: give mutations
 20947 | D:12     | Gained mutation: You are very robust. (+20% HP) [Xom's
                  | grace]
 20947 | D:12     | Gained mutation: Your mind is acute. (Int +4, Str/Dex -1)
                  | [Xom's grace]
 20947 | D:12     | Gained mutation: Your muscles are strong. (Str +4, Int/Dex
                  | -1) [Xom's grace]
 20947 | D:12     | Gained mutation: Your system is resistant to poisons.
                  | (rPois) [Xom's grace]
 21009 | D:12     | XOM: summons 9 hostile demons
 21032 | D:12     | Found Gohextud's Assorted Antiques.
 21035 | D:12     | Bought a scroll of blinking for 217 gold pieces
 21035 | D:12     | Bought a scroll of blinking for 217 gold pieces
 21166 | D:12     | XOM: silly message
 21263 | D:13     | XOM: torment (89/175 hp)
 21352 | D:13     | XOM: 1-stop teleportation journey
 21377 | D:13     | XOM: scenery: 3 doors open
 21381 | D:13     | XOM: 3-stop teleportation journey
 21459 | D:13     | XOM: summons 2 friendly demons
 21460 | D:13     | XOM: divine lightning
 21515 | D:13     | XOM: cleaving
 21540 | D:13     | XOM: cast spell 'Call Canine Familiar'
 21683 | D:13     | Reached skill level 7 in Armour
 21811 | D:13     | XOM: divination: magic mapping
 21943 | D:13     | XOM: give mutations
 21943 | D:13     | Gained mutation: Your muscles are very strong. (Str +8,
                  | Int/Dex -2) [Xom's grace]
 21943 | D:13     | Gained mutation: Your movements are slightly less
                  | encumbered by armour. (ER -2) [Xom's grace]
 22005 | D:13     | XOM: cast spell 'Cause Fear'
 22015 | D:13     | XOM: scenery: create altars
 22209 | D:14     | XOM: noise
 22217 | D:14     | Noticed Kirke
 22217 | D:14     | XOM: 7-stop teleportation journey
 22258 | D:14     | XOM: summons friendly iron imp
 22265 | D:14     | XOM: summons friendly crimson imp
 22414 | D:14     | Identified the +1 ring mail of the Elven Halls {rC+ Stlth+}
 22467 | D:14     | XOM: potion effect (curing)
 22471 | D:14     | XOM: divination: magic mapping
 22473 | D:14     | XOM: summons 2 friendly demons
 22480 | D:14     | XOM: summons friendly ufetubus
 22482 | D:14     | XOM: blink monster(s)
 22488 | D:14     | Reached skill level 14 in Polearms
 22654 | D:14     | XOM: enchant monster (good)
 22685 | D:14     | XOM: repel stairs
 22687 | D:14     | XOM: divination: detect items
 22688 | D:14     | XOM: summons friendly iron imp
 22691 | D:14     | XOM: cast spell 'Summon Mana Viper'
 22723 | D:14     | XOM: divination: magic mapping
 22766 | D:14     | XOM is BORED!
 22850 | D:14     | Killed Kirke
 22888 | D:14     | Found a gate to the Vaults.
 22967 | D:15     | Entered Level 15 of the Dungeon
 23026 | D:15     | Reached skill level 20 in Fighting
 23202 | D:15     | XOM: summons friendly shadow imp
 23205 | D:15     | XOM: 1-stop teleportation journey
 23295 | D:15     | Reached skill level 8 in Armour
 23315 | D:15     | XOM: confuse monster(s)
 23462 | D:15     | XOM: scenery: create altars
 23489 | D:15     | Found a staircase to the Depths.
 23622 | D:15     | XOM: destruction
 23877 | D:15     | XOM: god gift: leather armour {god gift}
 24028 | Swamp:1  | Entered Level 1 of the Swamp
 24028 | Swamp:1  | XOM: scenery: summon butterflies
 24032 | Swamp:1  | XOM: enchant monster (good)
 24043 | Swamp:1  | XOM: summons friendly white imp
 24358 | Swamp:1  | XOM: 1-stop teleportation journey
 24436 | Swamp:1  | XOM: summons friendly red devil
 24550 | Swamp:2  | XOM: smoke on damage
 24640 | Swamp:2  | Reached skill level 9 in Armour
 24640 | Swamp:2  | Reached XP level 17. HP: 171/188 MP: 17/17
 24809 | Swamp:2  | XOM: potion effect (curing)
 24875 | Swamp:2  | XOM: fog
 24886 | Swamp:2  | XOM: summons friendly quasit
 24993 | Swamp:2  | XOM: divination: magic mapping
 25064 | Swamp:2  | XOM: give mutation
 25064 | Swamp:2  | Gained mutation: Your mind is very acute. (Int +8, Str/Dex
                  | -2) [Xom's grace]
 25269 | Swamp:2  | Reached skill level 21 in Fighting
 25381 | Swamp:3  | XOM: destruction
 25393 | Swamp:3  | XOM: summons friendly quasit
 25416 | Swamp:3  | XOM: 9-stop teleportation journey
 25702 | Swamp:3  | XOM: destruction
 25706 | Swamp:3  | XOM: smoke on damage
 25861 | Swamp:4  | Entered Level 4 of the Swamp
 25912 | Swamp:4  | XOM: 7-stop teleportation journey
 25972 | Swamp:4  | XOM: cleaving
 25977 | Swamp:4  | Reached skill level 10 in Armour
 26066 | Swamp:4  | XOM: summons friendly crimson imp
 26070 | Swamp:4  | XOM: summons 5 friendly demons
 26115 | Swamp:4  | XOM: 1-stop teleportation journey
 26139 | Swamp:4  | XOM: divine lightning
 26140 | Swamp:4  | XOM: summons friendly smoke demon
 26146 | Swamp:4  | XOM: divination: detect creatures
 26176 | Swamp:4  | XOM: polymorph swamp dragon -> floating eye
 26223 | Swamp:4  | XOM: fog
 26225 | Swamp:4  | XOM: summons 5 friendly demons
 26226 | Swamp:4  | XOM: scenery: create altars
 26248 | Swamp:4  | XOM: potion effect (curing)
 26262 | Swamp:4  | XOM: polymorph shadow imp -> crimson imp
 26275 | Swamp:4  | XOM: silly message
 26279 | Swamp:4  | XOM: blink monster(s)
 26281 | Swamp:4  | XOM: confuse monster(s)
 26285 | Swamp:4  | XOM: enchant monster (good)
 26300 | Swamp:4  | Got a decaying rune of Zot
 26347 | Swamp:4  | XOM: enchant monster (good)
 26404 | Swamp:4  | XOM: confusion (+ monsters)
 26466 | Swamp:4  | XOM: divine lightning
 26473 | Swamp:4  | XOM: fake destruction
 26487 | Swamp:4  | Reached skill level 22 in Fighting
 26923 | Vaults:1 | Entered Level 1 of the Vaults
 26934 | Vaults:1 | Found Kyfio's Distillery.
 26958 | Vaults:1 | XOM: scenery: 2 doors close
 27024 | Vaults:1 | XOM: give mutations
 27024 | Vaults:1 | Gained mutation: Your spells are a little harder to cast,
                  | but a little more powerful. [Xom's grace]
 27024 | Vaults:1 | Gained mutation: You have sharp fingernails. [Xom's grace]
 27024 | Vaults:1 | Gained mutation: You have a somewhat thin skeletal
                  | structure. (Dex +2, Stealth+) [Xom's grace]
 27063 | Vaults:1 | Found Wiojouge's Weapon Boutique.
 27117 | Vaults:1 | XOM: polymorph ironbound convoker -> yaktaur
 27118 | Vaults:1 | XOM: confuse monster(s)
 27121 | Vaults:1 | XOM: potion effect (brilliance)
 27138 | Vaults:1 | XOM: silly message
 27162 | Vaults:1 | Bought a +0 bardiche for 144 gold pieces
 27250 | Vaults:1 | XOM: silly message
 27329 | Vaults:1 | Reached XP level 18. HP: 176/201 MP: 18/18
 27412 | Vaults:1 | Reached skill level 15 in Polearms
 27508 | Vaults:1 | XOM: potion effect (invisibility)
 27514 | Vaults:1 | Reached skill level 16 in Polearms
 27549 | Vaults:1 | XOM: silly message
 27627 | Vaults:1 | XOM: noise
 27733 | Vaults:1 | Reached skill level 17 in Polearms
 27747 | Vaults:1 | XOM: silly message
 27748 | Vaults:1 | XOM: noise
 27753 | Vaults:1 | XOM: confuse monster(s)
 27872 | Vaults:1 | Found Ysegegag's Armour Boutique.
 27882 | Vaults:1 | XOM: 4-stop teleportation journey
 27994 | Vaults:1 | XOM: noise
 28171 | Vaults:1 | XOM: silly message
 28271 | Vaults:1 | XOM: cast spell 'Summon Small Mammal'
 28275 | Vaults:1 | Reached skill level 18 in Polearms
 28314 | Vaults:1 | XOM: cast spell 'Summon Mana Viper'
 28331 | Vaults:1 | XOM: divination: detect items
 28333 | Vaults:1 | XOM: cast spell 'Olgreb's Toxic Radiance'
 28463 | Vaults:1 | Upgraded the game from 0.31-a0-765-g67fe2935dc to
                  | 0.31-a0-771-g505c3d19dc
 28525 | Vaults:2 | XOM: potion effect (heal wounds)
 28626 | Vaults:2 | XOM: potion effect (heal wounds)
 28627 | Vaults:2 | XOM: summons friendly iron imp
 28631 | Vaults:2 | XOM: cleaving
 28633 | Vaults:2 | Reached skill level 19 in Polearms
 28797 | Vaults:2 | Identified the +9 sling "Toest" {flame, rC+ rCorr}
 28884 | Vaults:2 | XOM: 1-stop teleportation journey
 28890 | Vaults:2 | You are cast into the Abyss!
 28890 | Abyss:2  | Found a corrupted altar of Lugonu.
 28890 | Abyss:2  | Cast into level 2 of the Abyss (a wizard)
 28912 | Abyss:2  | XOM: confuse monster(s)
 28929 | Abyss:2  | XOM: polymorph small abomination -> small abomination
 28932 | Abyss:2  | XOM: summons friendly ufetubus
 28937 | Abyss:2  | Noticed a bone dragon
 28946 | Abyss:2  | Killed a bone dragon
 28954 | Abyss:2  | XOM: noise
 28957 | Abyss:2  | XOM: cleaving
 28987 | Abyss:2  | Reached skill level 20 in Polearms
 29004 | Abyss:2  | XOM: cast spell 'Death Channel'
 29007 | Abyss:2  | XOM: cast spell 'Summon Ice Beast'
 29019 | Abyss:2  | XOM: summons friendly iron imp
 29032 | Abyss:2  | XOM: silly message
 29060 | Abyss:2  | XOM: silly message
 29078 | Abyss:2  | Reached XP level 19. HP: 163/208 MP: 19/19
 29102 | Vaults:2 | You pass through the gate.
 29102 | Vaults:2 | Escaped the Abyss
 29179 | Vaults:2 | XOM: confuse monster(s)
 29205 | Vaults:2 | XOM: cast spell 'Olgreb's Toxic Radiance'
 29206 | Vaults:2 | Reached skill level 21 in Polearms
 29208 | Vaults:2 | XOM: destruction
 29211 | Vaults:2 | XOM: polymorph centaur warrior -> orb spider
 29214 | Vaults:2 | XOM: summons 10 friendly demons
 29217 | Vaults:2 | XOM: confuse monster(s)
 29291 | Vaults:2 | Identified the +2 great sword of Moderation {flame, Fly
                  | rElec}
 29499 | Vaults:2 | XOM: 6-stop teleportation journey
 29523 | Vaults:2 | Found Vapsedye's Book Boutique.
 29613 | Vaults:2 | XOM: summons 1 hostile shadow creature
 29615 | Vaults:2 | XOM: summons friendly ufetubus
 29762 | Vaults:2 | Reached skill level 22 in Polearms
 29768 | Vaults:2 | XOM: confuse monster(s)
 29827 | Vaults:2 | XOM: scenery: 1 doors close
 29829 | Vaults:2 | XOM: summons 8 friendly demons
 29984 | Vaults:2 | XOM: divine lightning
 30007 | Vaults:2 | XOM: scenery: 2 doors close
 30078 | Vaults:2 | XOM: divination: detect items
 30170 | Vaults:3 | XOM: summons friendly iron imp
 30188 | Vaults:3 | XOM: cleaving
 30297 | Vaults:3 | Reached skill level 23 in Polearms
 30403 | Vaults:3 | XOM: divination: detect items
 30406 | Vaults:3 | XOM: noise
 30427 | Vaults:3 | XOM: potion effect (heal wounds)
 30472 | Vaults:3 | XOM: noise
 30554 | Vaults:3 | XOM: confuse monster(s)
 30767 | Vaults:3 | XOM: summons friendly crimson imp
 30867 | Vaults:3 | XOM: summons friendly crimson imp
 30922 | Vaults:3 | Reached skill level 24 in Polearms
 31030 | Vaults:3 | XOM: chaos cloud
 31067 | Vaults:3 | XOM: silly message
 31068 | Vaults:3 | XOM: give mutation
 31068 | Vaults:3 | Lost mutation: Your body sometimes deteriorates upon taking
                  | damage. [Xom's mischief]
 31133 | Vaults:3 | Found a staircase to the Crypt.
 31175 | Vaults:3 | XOM: summons 3 hostile shadow creatures
 31177 | Vaults:3 | XOM: 3-stop teleportation journey
 31211 | Vaults:3 | XOM: summons 1 hostile shadow creature
 31331 | Vaults:3 | XOM: chaos upgrade
 31336 | Vaults:3 | XOM: summons 8 friendly demons
 31348 | Vaults:3 | Reached skill level 11 in Armour
 31361 | Vaults:3 | XOM: stat loss: -1 Str (16/17)
 31367 | Vaults:3 | XOM: scenery: summon butterflies
 31370 | Vaults:3 | XOM: summons 6 friendly demons
 31377 | Vaults:3 | XOM: cast spell 'Discord'
 31392 | Vaults:3 | XOM: cleaving
 31408 | Vaults:3 | XOM: cloud trail
 31496 | Abyss:3  | Cast into level 3 of the Abyss (Xom)
 31575 | Abyss:3  | XOM: polymorph deep elf pyromancer -> sea snake
 31578 | Abyss:3  | XOM: enchant monster (bad)
 31581 | Abyss:3  | XOM: summons 1 hostile demon
 31614 | Abyss:3  | XOM: summons 9 hostile demons
 31644 | Abyss:3  | XOM: swap monsters
 31649 | Abyss:3  | Reached XP level 20. HP: 209/220 MP: 20/20
 31655 | Abyss:3  | XOM: enchant monster (bad)
 31662 | Abyss:3  | XOM: smoke on damage
 31848 | Abyss:3  | XOM: confuse monster(s)
 32002 | Abyss:3  | XOM: summons 3 friendly demons
 32036 | Abyss:3  | XOM: confuse monster(s)
 32052 | Vaults:3 | You pass through the gate.
 32052 | Vaults:3 | Escaped the Abyss
 32176 | Vaults:3 | XOM: give mutations
 32176 | Vaults:3 | Lost mutation: Your muscles are very strong. (Str +8,
                  | Int/Dex -2) [Xom's mischief]
 32176 | Vaults:3 | Lost mutation: Your natural rate of healing is unusually
                  | fast. [Xom's mischief]
 32176 | Vaults:3 | Lost mutation: You are agile. (Dex +4, Str/Int -1) [Xom's
                  | mischief]
 32299 | Vaults:4 | XOM: destruction
 32316 | Vaults:4 | XOM: give mutations
 32316 | Vaults:4 | Lost mutation: You are very robust. (+20% HP) [Xom's
                  | mischief]
 32316 | Vaults:4 | Lost mutation: You are covered in fur. (AC +1) [Xom's
                  | mischief]
 32316 | Vaults:4 | Lost mutation: You are strong-willed. (Will+) [Xom's
                  | mischief]
 32316 | Vaults:4 | Lost mutation: You have a pair of horns on your head.
                  | [Xom's mischief]
 32470 | Vaults:4 | XOM: god gift: 35 gold pieces
 32472 | Vaults:4 | XOM: divine lightning
 32476 | Vaults:4 | HP: 18/202 [vault warden/+0 glaive (30)]
 32479 | Vaults:4 | HP: 4/202 [vault warden/+0 glaive (38)]
 32547 | Vaults:4 | XOM: god gift: 32 gold pieces
 32708 | Vaults:4 | XOM: scenery: 1 doors open
 32870 | Vaults:4 | XOM: summons 2 friendly demons
 32874 | Vaults:4 | XOM: enchant monster (bad)
 32890 | Vaults:4 | XOM: noise
 32961 | Vaults:4 | XOM: divination: detect items
 32964 | Vaults:4 | XOM: enchant monster (good)
 32971 | Vaults:4 | XOM: chaos upgrade
 32979 | Vaults:4 | XOM: enchant monster (bad)
 32982 | Vaults:4 | XOM: divination: detect creatures
 32983 | Vaults:4 | XOM: summons 8 friendly demons
 32987 | Vaults:4 | Reached skill level 23 in Fighting
 33004 | Vaults:4 | XOM: 3-stop teleportation journey
 33158 | Vaults:4 | Reached skill level 12 in Armour
 33543 | Vaults:4 | Paralysed by a sphinx for 4 turns
 33660 | Vaults:4 | XOM: polymorph wizard -> cyclops
 33848 | Vaults:4 | XOM: give mutation
 33848 | Vaults:4 | Gained mutation: You are somewhat resistant to further
                  | mutation. [Xom's grace]
 33957 | Vaults:4 | XOM: polymorph yaktaur captain -> shapeshifter
 34065 | Vaults:4 | XOM: polymorph orc warlord -> fenstrider witch
 34067 | Vaults:4 | XOM: divination: detect items
 34241 | Vaults:3 | XOM: god gift: 14 gold pieces
 34282 | Vaults:3 | XOM: give mutations
 34282 | Vaults:3 | Gained mutation: You are completely covered in iridescent
                  | scales. (AC +6) [Xom's grace]
 34282 | Vaults:3 | Lost mutation: You are somewhat resistant to further
                  | mutation. [Xom's grace]
 34282 | Vaults:3 | Gained mutation: You have hidden genetic potential. [Xom's
                  | grace]
 34282 | Vaults:3 | Gained mutation: You are very robust. (+20% HP) [Xom's
                  | grace]
 34286 | Vaults:3 | XOM: noise
 34507 | Elf:1    | Entered Level 1 of the Elven Halls
 34574 | Elf:1    | XOM: scenery: 1 doors open
 34593 | Elf:1    | Paralysed by an air elemental for 1 turns
 34598 | Elf:1    | Paralysed by an air elemental for 1 turns
 34602 | Elf:1    | XOM: enchant monster (good)
 34605 | Elf:1    | Paralysed by an air elemental for 1 turns
 34736 | Elf:1    | XOM: 1-stop teleportation journey
 34976 | Elf:1    | XOM: summons friendly white imp
 34981 | Elf:1    | XOM: noise
 34994 | Elf:1    | Reached XP level 21. HP: 196/232 MP: 21/21
 35100 | Elf:1    | XOM: divination: detect creatures
 35117 | Elf:1    | XOM: cloud trail
 35156 | Elf:1    | Reached skill level 13 in Armour
 35232 | Elf:1    | XOM: noise
 35279 | Elf:1    | XOM: potion effect (invisibility)
 35357 | Elf:1    | Identified the +8 chain mail of the Game Afoot {rN++ Str-3
                  | Int+6}
 35376 | Elf:1    | Identified the ring "Acetto" {+Blink rN+ Int-5 Dex+6}
 35376 | Elf:1    | XOM: divination: detect creatures
 35402 | Elf:1    | XOM: polymorph deep elf knight -> seven-headed hydra
 35406 | Elf:1    | Reached skill level 24 in Fighting
 35507 | Elf:1    | XOM: noise
 35557 | Elf:1    | Found a shimmering blue altar of Sif Muna.
 35718 | Elf:1    | XOM: enchant monster (good)
 35809 | Elf:1    | Identified the +1 helmet of Fortitude {Rampage}
 35956 | Elf:2    | Found Porgh's Magic Scroll Emporium.
 35956 | Elf:2    | Found a crumbling gateway.
 36038 | Elf:2    | XOM: summons 2 friendly demons
 36174 | Elf:2    | XOM: confuse monster(s)
 36201 | Elf:2    | Bought a scroll of blinking for 105 gold pieces
 36201 | Elf:2    | Bought a scroll of blinking for 105 gold pieces
 36201 | Elf:2    | Bought a scroll of blinking for 105 gold pieces
 36201 | Elf:2    | Bought a scroll of teleportation for 42 gold pieces
 36201 | Elf:2    | Bought a scroll of teleportation for 42 gold pieces
 36207 | Desolati | Entered the Desolation of Salt
 36237 | Desolati | XOM: 1-stop teleportation journey
 36243 | Desolati | XOM: give mutations
 36243 | Desolati | Lost mutation: You are very robust. (+20% HP) [Xom's
                  | mischief]
 36243 | Desolati | Lost mutation: You expend magic power (3 MP) to strengthen
                  | your wands. [Xom's mischief]
 36243 | Desolati | Lost mutation: Your spells are a little harder to cast, but
                  | a little more powerful. [Xom's mischief]
 36274 | Desolati | XOM: summons friendly white imp
 36314 | Desolati | XOM: summons friendly quasit
 36327 | Desolati | XOM: divination: detect items
 36333 | Desolati | Identified the ring "Gyna" {rC+ Int+3}
 36344 | Desolati | Identified the ring "Poklyeti" {rElec Will+ EV+5 Dex+2
                  | Stlth+}
 36347 | Desolati | XOM: destruction
 36349 | Desolati | XOM: scenery: create altars
 36356 | Desolati | XOM: enchant monster (good)
 36603 | Elf:3    | Entered Level 3 of the Elven Halls
 36635 | Elf:3    | XOM: summons friendly white imp
 36636 | Elf:3    | XOM: destruction
 36648 | Elf:3    | XOM: noise
 36981 | Elf:3    | XOM: 3-stop teleportation journey
 36983 | Elf:3    | Identified the +2 quarterstaff of the Countless Ears
                  | {flame, rN+}
 37362 | Elf:3    | Noticed Bai Suzhen
 37366 | Elf:3    | XOM: give mutation
 37366 | Elf:3    | Lost mutation: You have hidden genetic potential. [Xom's
                  | mischief]
 37386 | Elf:3    | Killed Bai Suzhen
 37660 | Elf:3    | XOM: confusion
 37738 | Elf:3    | XOM: noise
 38230 | Elf:3    | XOM: enchant monster (bad)
 38242 | Elf:3    | Reached skill level 14 in Armour
 38410 | Elf:3    | XOM: scenery: summon butterflies
 38419 | Elf:3    | XOM: silly message
 38576 | Elf:3    | Reached skill level 25 in Fighting
 38738 | Elf:3    | Identified the amulet "Piddayca" {Faith rF+ rC- Regen+
                  | Int+3}
 38742 | Elf:3    | XOM: noise
 38747 | Elf:3    | XOM: divination: detect items
 38842 | Elf:3    | XOM: 1-stop teleportation journey
 38853 | Elf:3    | XOM: cast spell 'Summon Mana Viper'
 38857 | Elf:3    | XOM: divination: detect creatures
 38859 | Elf:3    | XOM: summons friendly crimson imp
 38861 | Elf:3    | XOM: enchant monster (good)
 38873 | Elf:3    | XOM: cleaving
 38885 | Elf:3    | Found the +5 demon whip "Spellbinder" {antimagic, disrupt,
                  | Will+}
 38889 | Elf:3    | Reached XP level 22. HP: 89/226 MP: 22/22
 39040 | Elf:3    | XOM: cast spell 'Metabolic Englaciation'
 39144 | Elf:3    | XOM: cloud trail
 39193 | Elf:3    | XOM: scenery: 1 doors close
 39345 | Elf:3    | Got a foxed
 39364 | Elf:3    | Identified the +2 war axe "Embalmer" {antimagic, Str+3
                  | Int+2 Dex+3 SInv}
 39364 | Elf:3    | Identified the ring of Qojy Goa {+Blink rF++ rN+ MP+9
                  | Str-2}
 39416 | Elf:3    | Got shiny
 39423 | Elf:3    | Identified the +0 orcbow "Fassac" {speed, Fragile rPois
                  | MP+9 Str+7}
 39582 | Elf:3    | XOM: summons 2 hostile demons
 39731 | Elf:3    | >>argh
 40114 | D:12     | XOM: god gift: scroll of blinking
 40230 | Spider:1 | Entered Level 1 of the Spider Nest
 40238 | Spider:1 | XOM: confuse monster(s)
 40331 | Lair:2   | XOM: repel stairs
 40366 | Spider:1 | XOM: divination: magic mapping
 40530 | Spider:1 | XOM: blink monster(s)
 40546 | Spider:1 | XOM: summons 2 friendly demons
 40557 | Spider:1 | XOM: noise
 40564 | Spider:1 | XOM: cleaving
 40573 | Spider:1 | Reached skill level 15 in Armour
 40928 | Spider:1 | XOM: 5-stop teleportation journey
 41167 | Spider:2 | XOM: noise
 41226 | Spider:2 | XOM: silly message
 41328 | Spider:2 | XOM: god gift: spear {god gift}
 41505 | Spider:2 | XOM: cast spell 'Alistair's Intoxication'
 41519 | Spider:2 | Reached skill level 26 in Fighting
 41560 | Spider:2 | XOM: god gift: scroll of noise
 42054 | Spider:2 | XOM: enchant monster (good)
 42151 | Spider:3 | XOM: give mutations
 42151 | Spider:3 | Gained mutation: You are agile. (Dex +4, Str/Int -1) [Xom's
                  | grace]
 42151 | Spider:3 | Gained mutation: Your spells are a little harder to cast,
                  | but a little more powerful. [Xom's grace]
 42151 | Spider:3 | Gained mutation: You passively map the area around you.
                  | [Xom's grace]
 42151 | Spider:3 | Gained mutation: Your spells are harder to cast, but more
                  | powerful. [Xom's grace]
 42274 | Spider:3 | Identified the +5 chain mail of Nihilism {MP+9 Dex+3}
 42491 | Spider:3 | XOM: scenery: summon butterflies
 42647 | Spider:3 | Identified the ring "Quruotips" {rC+ SInv} (Xom gifted it
                  | to you on level 3 of the Spider Nest)
 42647 | Spider:3 | XOM: god gift: ring "Quruotips" {rC+ SInv}
 42768 | Spider:3 | Upgraded the game from 0.31-a0-771-g505c3d19dc to
                  | 0.31-a0-774-g0d66cbabe8
 42778 | Spider:4 | Entered Level 4 of the Spider Nest
 42861 | Spider:4 | Noticed Nikola
 42866 | Spider:4 | XOM: enchant monster (bad)
 42871 | Spider:4 | Killed Nikola
 42874 | Spider:4 | XOM: 5-stop teleportation journey
 42888 | Spider:4 | XOM: noise
 42890 | Spider:4 | XOM: swap monsters
 42973 | Spider:4 | XOM: confusion (+ monsters)
 43008 | Spider:4 | XOM: potion effect (brilliance)
 43170 | Spider:4 | XOM: confuse monster(s)
 43195 | Spider:4 | XOM: summons 15 friendly demons
 43367 | Spider:4 | XOM: 2-stop teleportation journey
 43375 | Spider:4 | XOM: 1-stop teleportation journey
 43651 | Spider:4 | XOM: summons friendly shadow imp
 43667 | Spider:4 | XOM: cast spell 'Summon Dragon'
 43688 | Spider:4 | XOM: scenery: create altars
 43702 | Spider:4 | XOM: cast spell 'Summon Mana Viper'
 43703 | Spider:4 | XOM: divination: detect creatures
 43705 | Spider:4 | Reached XP level 23. HP: 176/238 MP: 0/23
 43715 | Spider:4 | XOM: enchant monster (good)
 43987 | Spider:4 | XOM: give mutations
 43987 | Spider:4 | Lost mutation: Your mind is very acute. (Int +8, Str/Dex
                  | -2) [Xom's mischief]
 43987 | Spider:4 | Lost mutation: Your muscles are strong. (Str +4, Int/Dex
                  | -1) [Xom's mischief]
 43987 | Spider:4 | Lost mutation: You are completely covered in iridescent
                  | scales. (AC +6) [Xom's mischief]
 44047 | Spider:4 | XOM: noise
 44080 | Spider:4 | XOM: summons 2 hostile shadow creatures
 44094 | Spider:4 | Reached skill level 16 in Armour
 44115 | Spider:4 | XOM: summons friendly ufetubus
 44131 | Spider:4 | XOM: polymorph culicivora -> manticore
 44494 | Spider:4 | Got a gossamer rune of Zot
 44952 | Vaults:4 | XOM: stat loss: -1 Str (9/10)
 44966 | Vaults:5 | XOM: noise
 44966 | Vaults:5 | Entered Level 5 of the Vaults
 44981 | Vaults:5 | XOM: give mutations
 44981 | Vaults:5 | Lost mutation: Your spells are harder to cast, but more
                  | powerful. [Xom's mischief]
 44981 | Vaults:5 | Lost mutation: You are mostly covered in iridescent scales.
                  | (AC +4) [Xom's mischief]
 44983 | Vaults:5 | XOM: blink monster(s)
 44987 | Vaults:5 | XOM: chaos upgrade
 45044 | Vaults:5 | XOM: summons 10 hostile demons
 45069 | Vaults:5 | XOM: summons 8 hostile demons
 45080 | Vaults:5 | XOM: swap monsters
 45108 | Vaults:5 | XOM: noise
 45113 | Vaults:5 | XOM: cast spell 'Dispersal'
 45141 | Vaults:5 | Noticed a dread lich
 45155 | Vaults:5 | Killed a dread lich
 45156 | Vaults:5 | Reached skill level 27 in Fighting
 45174 | Vaults:5 | XOM: noise
 45353 | Vaults:5 | XOM: give mutations
 45353 | Vaults:5 | Gained mutation: You are strong-willed. (Will+) [Xom's
                  | grace]
 45353 | Vaults:5 | Gained mutation: You are partially covered in large bone
                  | plates. (SH +4) [Xom's grace]
 45353 | Vaults:5 | Gained mutation: You are mostly covered in iridescent
                  | scales. (AC +4) [Xom's grace]
 45683 | Vaults:5 | XOM: give mutations
 45683 | Vaults:5 | Gained mutation: You are completely covered in iridescent
                  | scales. (AC +6) [Xom's grace]
 45683 | Vaults:5 | Gained mutation: Your mind is very acute. (Int +8, Str/Dex
                  | -2) [Xom's grace]
 45683 | Vaults:5 | Gained mutation: You are somewhat resistant to further
                  | mutation. [Xom's grace]
 45686 | Vaults:5 | XOM: stat loss: -1 Int (18/19)
 45756 | Vaults:5 | XOM: polymorph ettin -> radroach
 45771 | Vaults:5 | XOM: god gift: 20 gold pieces
 45806 | Vaults:5 | Identified a +2 crystal plate armour
 45878 | Vaults:5 | XOM: give mutations
 45878 | Vaults:5 | Gained mutation: You possess an exceptional clarity of
                  | mind. [Xom's grace]
 45878 | Vaults:5 | Gained mutation: Your muscles are strong. (Str +4, Int/Dex
                  | -1) [Xom's grace]
 45878 | Vaults:5 | Gained mutation: Your skin changes colour to match your
                  | surroundings (Stealth+). [Xom's grace]
 45970 | Vaults:5 | Reached skill level 17 in Armour
 46088 | Vaults:5 | XOM: 2-stop teleportation journey
 46187 | Vaults:5 | Identified the amulet of the Burgomaster {Regen+ Dex+3}
 46221 | Vaults:5 | Noticed Saint Roka
 46235 | Vaults:5 | XOM: divination: magic mapping
 46237 | Vaults:5 | XOM: torment (113/240 hp)
 46246 | Vaults:5 | Killed Saint Roka
 46732 | Vaults:5 | Identified the ring "Igienaj" {rF+ rN+ Str+2 Dex+3}
 46757 | Vaults:5 | XOM: enchant monster (bad)
 46771 | Vaults:5 | XOM: potion effect (might)
 46776 | Vaults:5 | Noticed an ancient lich
 46825 | Vaults:5 | XOM: swap monsters
 46856 | Vaults:5 | Identified the +2 mace "Elealoum" {holy, Int+3}
 46979 | Vaults:5 | Noticed a dread lich
 46986 | Vaults:5 | XOM: scenery: summon butterflies
 46993 | Vaults:5 | Killed a dread lich
 46998 | Vaults:5 | Identified the staff "Newtslayer" {rElec Dex+3 Earth}
 46999 | Vaults:5 | Identified the staff "Hyshryhab" {+Blink rN+ Necro}
 47000 | Vaults:5 | XOM: noise
 47208 | Vaults:5 | XOM: swap monsters
 47236 | Vaults:5 | Killed an ancient lich
 47369 | Vaults:5 | Reached skill level 18 in Armour
 47408 | Vaults:5 | XOM: summons 1 hostile demon
 47431 | Vaults:5 | Identified the +1 morningstar of Prudence {freeze, rF+ rC+
                  | Str+2}
 47447 | Vaults:5 | XOM: confuse monster(s)
 47556 | Vaults:5 | XOM: 1-stop teleportation journey
 47578 | Vaults:5 | Reached XP level 24. HP: 246/248 MP: 23/23
 47663 | Vaults:5 | Identified the amulet of Vampiric Thralls {Acrobat Int+3
                  | Dex+3}
 47821 | Vaults:5 | Identified the +7 sling of Muidghod {freeze, rPois rC+
                  | Dex+3}
 47831 | Vaults:5 | XOM: swap monsters
 47883 | Vaults:5 | Got moldy book
 47906 | Vaults:5 | XOM: give mutation
 47906 | Vaults:5 | Lost mutation: You have sharp fingernails. [Xom's mischief]
 47915 | Vaults:5 | Got a ragged book
 48163 | Vaults:5 | Got a silver rune of Zot
 48237 | Vaults:4 | XOM: give mutation
 48237 | Vaults:4 | Lost mutation: You are partially covered in large bone
                  | plates. (SH +4) [Xom's mischief]
 48433 | Depths:1 | Entered Level 1 of the Depths
 48453 | Depths:1 | XOM: enchant monster (good)
 48459 | Depths:1 | XOM: cast spell 'Death Channel'
 48463 | Depths:1 | XOM: summons friendly iron imp
 48526 | Depths:1 | Found a one-way gate leading to the halls of Pandemonium.
 48576 | Depths:1 | XOM: confuse monster(s)
 48647 | Depths:1 | Found a gateway to Hell.
 48707 | Depths:1 | XOM: 3-stop teleportation journey
 48764 | Depths:1 | Found a one-way gate to the infinite horrors of the Abyss.
 48928 | Depths:1 | XOM: 1-stop teleportation journey
 49362 | Depths:2 | XOM: cast spell 'Alistair's Intoxication'
 49367 | Depths:2 | Reached skill level 19 in Armour
 49367 | Depths:2 | XOM: divination: magic mapping
 49572 | Depths:2 | XOM: cast spell 'Call Canine Familiar'
 49579 | Depths:2 | XOM: enchant monster (good)
 49900 | Depths:2 | XOM: cloud trail
 50068 | Depths:2 | XOM: 7-stop teleportation journey
 50723 | Depths:3 | Noticed a caustic shrike
 50723 | Depths:3 | Noticed a caustic shrike
 50723 | Depths:3 | Noticed a caustic shrike
 50738 | Depths:3 | Killed a caustic shrike
 50739 | Depths:3 | Reached skill level 22 in Dodging
 50743 | Depths:3 | XOM: summons friendly shadow imp
 50752 | Depths:3 | XOM: summons 2 friendly demons
 50977 | Depths:2 | XOM: confuse monster(s)
 50979 | Depths:2 | XOM: divination: detect creatures
 50988 | Depths:2 | Killed a caustic shrike
 50993 | Depths:2 | Killed a caustic shrike
 51119 | Depths:3 | Noticed an ancient lich
 51126 | Depths:3 | XOM: confuse monster(s)
 51137 | Depths:3 | Killed an ancient lich
 51139 | Depths:3 | Noticed an ancient lich
 51151 | Depths:3 | Killed an ancient lich
 51212 | Depths:3 | XOM: cloud trail
 51296 | Depths:3 | XOM: swap monsters
 51297 | Depths:3 | XOM: cast spell 'Summon Ice Beast'
 51431 | Depths:3 | XOM: cast spell 'Leda's Liquefaction'
 51434 | Depths:3 | XOM: silly message
 51462 | Depths:3 | Noticed a juggernaut
 51476 | Depths:3 | Killed a juggernaut
 51486 | Depths:3 | Noticed a caustic shrike
 51503 | Depths:3 | XOM: enchant monster (bad)
 51504 | Depths:3 | Killed a caustic shrike
 51521 | Depths:3 | XOM: blink monster(s)
 51527 | Depths:3 | XOM: enchant monster (bad)
 51534 | Depths:3 | XOM: cleaving
 51537 | Depths:3 | Reached skill level 23 in Dodging
 51537 | Depths:3 | Reached XP level 25. HP: 147/257 MP: 23/23
 51575 | Depths:3 | XOM: destruction
 51587 | Depths:3 | XOM: divination: detect creatures
 51591 | Depths:3 | XOM: cast spell 'Leda's Liquefaction'
 51608 | Depths:3 | HP: 15/257 [storm dragon/bolt of lightning (17)]
 51609 | Depths:3 | HP: 6/257 [bone dragon (10)]
 51611 | Depths:3 | HP: 2/257 [bone dragon (6)]
 51611 | Depths:3 | Mangled by a bone dragon

Vanquished Creatures
  2 dread liches (Vaults:5)
  3 ancient liches
  A juggernaut (Depths:3)
  Bai Suzhen (Elf:3)
  Saint Roka (Vaults:5)
  4 caustic shrikes
  2 golden dragons (Depths:3)
  Nikola (Spider:4)
  2 bone dragons
  2 tentacled monstrosities
  2 liches
  2 titans
  A walking earthen tome (Depths:2)
  A walking divine tome (Depths:3)
  A quicksilver dragon (Vaults:5)
  2 deep elf blademasters (Elf:3)
  3 sphinxes
  2 deep elf master archers (Elf:3)
  4 shadow dragons (Vaults:5)
  2 thorn hunters
  5 tentacled starspawn
  A storm dragon (Depths:3)
  A tengu reaver (Vaults:5)
  A fenstrider witch (Vaults:4)
  9 fire giants
  8 frost giants
  2 imperial myrmidons (Desolation)
  12 emperor scorpions
  14 vault wardens
  5 deep elf elementalists (Elf:3)
  10 deep elf sorcerers
  3 iron dragons (Vaults:5)
  7 ghost moths
  9 ghouls
  2 war gargoyles (Depths:3)
  A cacodemon (Abyss:3)
  A draconian shifter (Abyss:2)
  5 orc warlords
  2 broodmothers (Spider:4)
  2 formless jellyfish
  A vampire knight (Depths:3)
  10 very ugly things
  23 ironbound preservers
  6 ironbound thunderhulks
  11 stone giants
  An eleionoma (Swamp:2)
  13 deep elf annihilators
  5 bunyips
  10 dire elephants
  A lorocyproca (Depths:2)
  5 spark wasps
  6 deep elf demonologists
  A blizzard demon (Abyss:3)
  6 deep elf death magi
  An eidolon (Abyss:2)
  2 crystal guardians
  8 ettins
  7 great orbs of eyes
  A quicksilver dragon zombie (Abyss:3)
  A spectral golden dragon (Depths:3)
  5 entropy weavers
  A spriggan zombie (Depths:3)
  8 fire dragons
  14 yaktaur captains
  36 vault guards
  12 deep elf high priests
  2 ragged hierophants (Desolation)
  2 servants of whispers (Desolation)
  3 radroaches
  4 ice dragons
  4 rakshasas
  2 jorogumos
  3 peacekeepers
  25 hydras
  25 centaur warriors
  3 juggernaut simulacra
  2 catoblepae (D:15)
  6 ironbound frosthearts
  A ghost crab (Swamp:4)
  7 alligators
  3 spriggan air magi
  A merfolk avatar (Lair:5)
  A death knight (D:13)
  5 ogre magi
  10 two-headed ogres
  3 tengu warriors
  10 dancing weapons
  6 deep troll earth magi
  A death yak (Lair:3)
  A boulder beetle (Vaults:2)
  3 hell hogs (Volcano)
  6 demonic crawlers
  2 thrashing horrors (Abyss:2)
  4 spriggan berserkers
  4 orc high priests
  A vampire mage (Vaults:3)
  A shock serpent (shapeshifter) (Vaults:5)
  Urug (Orc:2)
  A hell knight (Depths:3)
  Nergalle (Lair:2)
  16 deep elf knights
  2 sixfirhies (Abyss:3)
  3 fire crabs
  2 iron trolls (Vaults:5)
  A wretched star (Abyss:3)
  A sun demon (Depths:2)
  4 goliath frogs
  A sea snake (Lair:5)
  A pharaoh ant (Spider:4)
  6 glowing orange brains
  2 skysharks
  A flayed ghost (Vaults:5)
  4 spriggan druids
  68 deep trolls
  17 deep elf archers
  5 bog bodies
  13 swamp dragons
  10 orb spiders
  2 sun moths (Spider:4)
  4 phantasmal warriors
  14 steelbarb worms
  A swamp dragon (shapeshifter) (Lair:3)
  28 deep elf pyromancers
  9 wizards
  4 starcursed masses
  24 ironbound convokers
  6 lindwurms
  8 harpies
  2 necromancers
  2 tengu zombies (Depths:3)
  A stone giant zombie (Depths:1)
  A tengu skeleton (Depths:1)
  31 deep elf zephyrmancers
  26 ugly things
  6 orc knights
  6 cyclopes
  5 manticores
  An orc sorcerer (Elf:3)
  16 wolf spiders
  A fire giant zombie (Depths:2)
  6 moths of wrath
  5 will-o-the-wisps
  27 elephants
  2 worldbinders (Abyss:3)
  A naga zombie (Abyss:2)
  An eye of devastation (Lair:5)
  2 black mambas (Lair:2)
  An apocalypse crab (Abyss:2)
  7 vault sentinels
  2 guardian serpents
  A frost giant skeleton (Depths:2)
  An orange demon (IceCv)
  A cane toad (shapeshifter) (Elf:1)
  17 cane toads
  A smoke demon (Depths:2)
  2 ice statues (IceCv)
  7 torpor snails
  A titan simulacrum (Depths:2)
  3 rime drakes
  13 komodo dragons
  22 yaktaurs
  2 ice devils
  A rime drake (shapeshifter) (Vaults:5)
  4 tengu conjurers
  A yaktaur (shapeshifter) (D:14)
  5 freezing wraiths
  2 polar bears
  3 burning bushes (Lair:3)
  2 queen bees
  10 trolls
  7 meliai
  A wind drake (shapeshifter) (Vaults:5)
  2 bloated husks
  6 hornets
  A tyrant leech (Swamp:1)
  20 tarantellas
  A blink frog (shapeshifter) (Lair:4)
  Grinder (D:3)
  A wind drake (Lair:5)
  12 saltlings
  16 blink frogs
  9 raiju
  A snapping turtle (shapeshifter) (Vaults:2)
  A stone giant simulacrum (Depths:2)
  8 dream sheep
  An ettin zombie (Depths:1)
  28 slime creatures
  8 spriggans
  41 jumping spiders
  A shadow (D:12)
  2 water elementals
  29 culicivoras
  3 ynoxinuls
  2 air elementals (Elf:1)
  A vampire (D:12)
  11 wyverns
  A yak (shapeshifter) (Vaults:5)
  A spriggan (shapeshifter) (Vaults:4)
  3 wraiths
  A fire elemental (Elf:1)
  2 humans
  60 yaks
  6 hogs
  3 fire bats (Volcano)
  4 basilisks
  2 chaos spawn (Abyss:3)
  46 redbacks
  A neqoxec (Abyss:2)
  9 steam dragons
  2 death yak simulacra
  A redback (shapeshifter) (Vaults:5)
  4 vampire mosquitoes (Swamp:1)
  A redback simulacrum (D:15)
  6 wargs
  16 swamp worms
  15 water moccasins
  10 large abominations
  A hydra simulacrum (IceCv)
  2 acid dragons
  2 floating eyes
  5 hell hounds (Volcano)
  3 ice beasts
  A black bear (D:9)
  47 orc warriors
  12 swamp drakes
  2 sky beasts
  8 ogres
  28 wolves
  3 boggarts (Vaults:1)
  15 centaurs
  A centaur (shapeshifter) (Elf:1)
  5 small abominations
  3 phantoms
  3 kobold brigands
  A gnoll sergeant (D:11)
  9 bullfrogs
  A necrophage (Swamp:4)
  2 two-headed ogre simulacra (IceCv)
  12 scorpions
  A cane toad simulacrum (Lair:3)
  8 earth elementals
  2 wights
  A water moccasin zombie (D:7)
  27 killer bees
  7 centaur zombies
  A quasit (Abyss:3)
  27 orc priests
  2 human zombies
  Crazy Yiuf (D:4)
  2 gnoll boudas
  A hound (D:5)
  2 jellies
  5 iguanas
  2 scorpion zombies (Ossuary)
  4 sleepcaps
  29 orc wizards
  3 polar bear simulacra
  7 hell rats (Lair:1)
  3 spriggan simulacra
  2 killer bee zombies (D:7)
  3 troll simulacra (IceCv)
  2 wolf simulacra (IceCv)
  7 mummies
  14 gnolls
  A naga simulacrum (IceCv)
  7 adders
  A shadow imp (D:6)
  2 white imps (IceCv)
  2 ufetubi
  A worm (D:2)
  A dart slug (D:4)
  111 orcs
  7 ball pythons
  5 bats
  8 endoplasms
  4 giant cockroaches
  3 gnoll zombies (Ossuary)
  13 hobgoblins
  4 jackals
  4 quokkas
  A frilled lizard (D:3)
  18 goblins
  A goblin zombie (Ossuary)
  4 hobgoblin zombies (Ossuary)
  17 kobolds
  2 kobold zombies (Ossuary)
  4 orc zombies (Ossuary)
  5 rats
  A lurking horror (Abyss:3)
  6 starspawn tentacles
1966 creatures vanquished.

Vanquished Creatures (collateral kills)
  A deep elf blademaster (Elf:3)
  A vault warden (Vaults:5)
  A deep elf elementalist (Elf:3)
  A very ugly thing (Depths:1)
  A fire dragon (Depths:1)
  A hydra (Swamp:4)
  Fannar (Lair:3)
  2 ice dragons (Depths:1)
  An alligator (Swamp:1)
  A deep troll shaman (Depths:1)
  A thrashing horror (Abyss:2)
  2 demonic crawlers (Spider:4)
  A deep troll (Vaults:3)
  An orb spider (Spider:4)
  An ironbound convoker (Vaults:3)
  A deep elf zephyrmancer (Elf:2)
  A deep elf pyromancer (Elf:1)
  2 wolf spiders (Spider:4)
  5 ugly things (Depths:1)
  A vault sentinel (Vaults:4)
  A torpor snail (Lair:5)
  3 yaktaurs
  A komodo dragon (Lair:3)
  An ancient zyme (Abyss:2)
  A hornet (Lair:5)
  A dream sheep (Lair:4)
  A yak (Lair:1)
  A culicivora (Spider:4)
  2 redbacks (Spider:4)
  2 wolves (Lair:5)
  A kobold brigand (D:9)
  A scorpion (D:9)
  An orc wizard (D:9)
  An orc (D:7)
  2 kobolds (D:9)
47 creatures vanquished.

Vanquished Creatures (others)
  Kirke (D:14)
  A deep elf demonologist (Elf:3)
  A fire dragon (Volcano)
  A rakshasa (D:13)
  7 dancing weapons
  A deep elf knight (Elf:1)
  A pharaoh ant (Spider:4)
  A deep troll (Vaults:2)
  A bog body (Swamp:4)
  2 ugly things (Vaults:1)
  An unseen horror (Lair:3)
  6 bloated husks
  A tyrant leech (Swamp:3)
  2 culicivoras (Spider:4)
  A wraith (Vaults:3)
  26 foxfires
  8 starspawn tentacles
62 creatures vanquished.

Grand Total: 2075 creatures vanquished

Table legend: (Time is in decaauts)
 A = Elapsed time spent in this place.
 B = Non-inter-level travel time spent in this place.
 C = Inter-level travel time spent in this place.
 D = Time resting spent in this place.
 E = Time spent auto-exploring this place.
 F = Levels seen in this place.
 G = Mean time per level.
                   A        B        C        D        E       F      G
               +--------+--------+--------+--------+--------+-----+--------+
         Total |  48472 |  45539 |   2933 |   5479 |  28621 |  48 | 1009.8 |
       Dungeon |  12586 |  11284 |   1302 |    172 |   8947 |  15 |  839.1 |
          Lair |   6629 |   6294 |    335 |    705 |   4126 |   5 | 1325.8 |
         Swamp |   2231 |   2124 |    107 |    183 |   1325 |   4 |  557.8 |
   Spider Nest |   4124 |   3997 |    127 |    917 |   2201 |   4 | 1031.0 |
  Orcish Mines |   1807 |   1648 |    159 |     97 |   1059 |   2 |  903.5 |
   Elven Halls |   5257 |   5102 |    155 |   1254 |   2673 |   3 | 1752.3 |
        Vaults |   9838 |   9153 |    685 |   1259 |   5364 |   5 | 1967.6 |
        Depths |   3025 |   2964 |     61 |    255 |   2070 |   3 | 1008.3 |
         Abyss |    702 |    702 |      0 |     96 |    150 |   2 |  351.0 |
       Ossuary |    642 |    642 |      0 |     58 |    356 |   1 |  642.0 |
        Bailey |    461 |    461 |      0 |     87 |    191 |   1 |  461.0 |
      Ice Cave |    780 |    780 |      0 |    393 |    157 |   1 |  780.0 |
       Volcano |    262 |    262 |      0 |      0 |      0 |   1 |  262.0 |
    Desolation |    122 |    122 |      0 |      0 |      0 |   1 |  122.0 |
               +--------+--------+--------+--------+--------+-----+--------+

Top non-repeatable levels by time:
   Elf:3: 3331 daAuts
Vaults:5: 3036 daAuts
  Lair:2: 2025 daAuts
Vaults:4: 1970 daAuts
Spider:4: 1839 daAuts
   Elf:1: 1762 daAuts
Vaults:1: 1705 daAuts
Vaults:3: 1692 daAuts
Depths:2: 1585 daAuts
Vaults:2: 1434 daAuts
  Lair:4: 1344 daAuts
   Orc:2: 1294 daAuts
  Lair:1: 1250 daAuts
    D:11: 1242 daAuts
    D:13: 1052 daAuts

Table legend:
 A = Non-vault XP
 B = Vault XP
 C = Vault XP percentage of total XP
 D = Non-vault monster count
 E = Vault monster count
 F = Vault count percentage of total count
                 A         B        C        D         E       F
            +---------+---------+-------+---------+---------+-------
      Total |  493138 |  474876 |  49.1 |    1211 |     809 |  40.0
            +---------+---------+-------+---------+---------+-------
        D:1 |      39 |       0 |   0.0 |      23 |       0 |   0.0
        D:2 |      53 |      12 |  18.5 |      14 |       4 |  22.2
        D:3 |     201 |     262 |  56.6 |      20 |       1 |   4.8
        D:4 |     448 |      42 |   8.6 |      23 |       1 |   4.2
        D:5 |     775 |      18 |   2.3 |      15 |       1 |   6.2
        D:6 |     643 |       0 |   0.0 |      15 |       0 |   0.0
        D:7 |     389 |    1001 |  72.0 |      16 |      19 |  54.3
        D:8 |     618 |     974 |  61.2 |      24 |       5 |  17.2
        D:9 |    3050 |    2104 |  40.8 |      20 |      12 |  37.5
       D:10 |    2055 |       0 |   0.0 |      13 |       0 |   0.0
       D:11 |    4418 |     913 |  17.1 |      21 |       9 |  30.0
       D:12 |    4229 |       0 |   0.0 |      14 |       0 |   0.0
       D:13 |    9939 |    2555 |  20.4 |      17 |      25 |  59.5
       D:14 |    4762 |    7520 |  61.2 |      10 |      13 |  56.5
       D:15 |   12499 |    1769 |  12.4 |      26 |       2 |   7.1
     Lair:1 |    7539 |       0 |   0.0 |      42 |       0 |   0.0
     Lair:2 |    8606 |    4345 |  33.5 |      22 |      21 |  48.8
     Lair:3 |    8300 |    4981 |  37.5 |      29 |      15 |  34.1
     Lair:4 |    7084 |     852 |  10.7 |      28 |       5 |  15.2
     Lair:5 |   20495 |    9018 |  30.6 |      61 |      23 |  27.4
    Swamp:1 |   11005 |       0 |   0.0 |      25 |       0 |   0.0
    Swamp:2 |    8560 |    1914 |  18.3 |      16 |       4 |  20.0
    Swamp:3 |    9847 |     390 |   3.8 |      20 |       3 |  13.0
    Swamp:4 |   15425 |   18001 |  53.9 |      22 |      29 |  56.9
   Spider:1 |   20616 |       0 |   0.0 |      55 |       0 |   0.0
   Spider:2 |   24110 |     588 |   2.4 |      69 |       1 |   1.4
   Spider:3 |    7596 |    2482 |  24.6 |      16 |       4 |  20.0
   Spider:4 |   17653 |   34581 |  66.2 |      39 |      51 |  56.7
      Orc:1 |    5371 |       0 |   0.0 |      37 |       0 |   0.0
      Orc:2 |    1391 |    5903 |  80.9 |      24 |      66 |  73.3
      Elf:1 |   26805 |   11083 |  29.3 |      57 |      17 |  23.0
      Elf:2 |   16431 |    1556 |   8.7 |      27 |       4 |  12.9
      Elf:3 |   20438 |   52130 |  71.8 |      36 |      45 |  55.6
   Vaults:1 |   30752 |   24340 |  44.2 |      54 |      33 |  37.9
   Vaults:2 |   27752 |   24175 |  46.6 |      34 |      34 |  50.0
   Vaults:3 |   25629 |   20181 |  44.1 |      40 |      23 |  36.5
   Vaults:4 |   25372 |   26527 |  51.1 |      34 |      33 |  49.3
   Vaults:5 |   19426 |   99519 |  83.7 |      26 |      95 |  78.5
   Depths:1 |   27448 |    1691 |   5.8 |      37 |       2 |   5.1
   Depths:2 |   22193 |   21584 |  49.3 |      27 |      21 |  43.8
   Depths:3 |       0 |   63687 | 100.0 |       0 |      50 | 100.0
    Abyss:2 |   15223 |       0 |   0.0 |      25 |       0 |   0.0
    Abyss:3 |   17953 |       0 |   0.0 |      38 |       0 |   0.0
    Ossuary |       0 |    1256 | 100.0 |       0 |      34 | 100.0
     Bailey |       0 |    3336 | 100.0 |       0 |      43 | 100.0
      IceCv |       0 |    2435 | 100.0 |       0 |      20 | 100.0
    Volcano |       0 |    9347 | 100.0 |       0 |      21 | 100.0
 Desolation |       0 |   11804 | 100.0 |       0 |      20 | 100.0
            +---------+---------+-------+---------+---------+-------
